Workbook
Name LINHA7: #REF!
Name LINHA7: #REF!
Name LINHA7: #REF!
Name LINHA7: #REF!
Name Print_Area_MI: #REF!
Name Print_Area_MI: #REF!

Sheet DADOS
B2: DADOS DO CONTRATANTE
B3: CLIENTE: | C3: PREFEITURA MUNICIPAL DE JARDIM / MS
B4: ENDEREÇO: | C4: RUA CEL. JUVÊNCIO, Nº 547 - CENTRO
B6: DADOS DA OBRA
B7: OBRA: | C7: PAVIMENTAÇÃO ASFÁLTICA E DRENAGEM DE ÁGUAS PLUVIAIS
B8: LOCAL: | C8: RUA RUBI, JARDIM / MS
B9: REFERÊNCIA | C9: SEM DESONERAÇÃO
C10: HORISTA: 107,52% MENSALISTA: 64,80%
C12: COMPOSIÇÃO MS: 05/2025 INSUMO MS: 05/2025 AGESUL MS: 05/2025
C15: SICRO MS 01/2025
B16: BDI SERVIÇO: | C16: ='BDI SERVIÇO'!$F$50 -> 0.2403
B18: DADOS DA CONTRATADA
B19: CLIENTE: | C19: ELEMENTO ENGENHARIA E ARQUITETURA LTDA - CREA 20196 - MS
B20: ENDEREÇO: | C20: RUA ANTÔNIO MARIA COELHO, Nº 4.017 - SALA 03 - SANTA FÉ
B21: PROFISSIONAL | C21: MARCELLA BERNARDO LIMA - CREA 61634 / D - MS
C22: VANESSA CRISTINA DE SOUZA - CAU A229391-9
C23: FERNANDO PEREIRA KHALIL - CREA 17392 / D - MS

Sheet Resumo DMT's
B2: =DADOS!$B$3 -> CLIENTE: | C2: =DADOS!$C$3 -> PREFEITURA MUNICIPAL DE JARDIM / MS
B3: =DADOS!$B$4 -> ENDEREÇO: | C3: =DADOS!$C$4 -> RUA CEL. JUVÊNCIO, Nº 547 - CENTRO
B5: =DADOS!$B$7 -> OBRA: | C5: =DADOS!$C$7 -> PAVIMENTAÇÃO ASFÁLTICA E DRENAGEM DE ÁGUAS PLUVIAIS
B6: =DADOS!$B$8 -> LOCAL: | C6: =DADOS!$C$8 -> RUA RUBI, JARDIM / MS
B8: QUADRO DE DISTÂNCIA MÉDIAS DE TRANSPORTE DE INSUMOS - DMT
B10: INSUMO | C10: LOCAL | D10: CIDADE | E10: DMT (km)
B13: BOTA FORA | C13: LOCAL | D13: JARDIM/MS | E13: 4.9
B14: PEDREIRA | C14: CALCÁRIO BODOQUENA | D14: BELA VISTA/MS | E14: 53.6
B15: TUBOS | C15: ARTEFATOS OTTO FRANTZ | D15: JARDIM/MS | E15: 3.6
B16: JAZIDA DE CASCALHO | C16: CALCÁRIO BODOQUENA | D16: BELA VISTA/MS | E16: 53.6
B17: CM-IMPRIMA | C17: GRECA ASFALTOS | D17: CAMPO GRANDE/MS | E17: 236
B18: EMULSÃO RR-2C | C18: USINA DE ASFALTO | D18: CAMPO GRANDE/MS | E18: 241
B19: USINA DE CBUQ | C19: MEEL | D19: GUIA LOPES DA LAGUNA/MS | E19: 7.4

Sheet Orçamento
B2: =DADOS!$B$3 -> CLIENTE: | C2: =DADOS!$C$3 -> PREFEITURA MUNICIPAL DE JARDIM / MS | H2: ENCARGOS SOCIAIS | K2: BANCOS
B3: =DADOS!$B$4 -> ENDEREÇO: | C3: =DADOS!$C$4 -> RUA CEL. JUVÊNCIO, Nº 547 - CENTRO | H3: =DADOS!$C$9 -> SEM DESONERAÇÃO | K3: =DADOS!$C$12 -> COMPOSIÇÃO MS: 05/2025 INSUMO MS: 05/2025 AGESUL MS: 05/2025
H4: =DADOS!$C$10 -> HORISTA: 107,52% MENSALISTA: 64,80%
B5: =DADOS!$B$7 -> OBRA: | C5: =DADOS!$C$7 -> PAVIMENTAÇÃO ASFÁLTICA E DRENAGEM DE ÁGUAS PLUVIAIS
B6: =DADOS!$B$8 -> LOCAL: | C6: =DADOS!$C$8 -> RUA RUBI, JARDIM / MS | J6: =DADOS!B16 -> BDI SERVIÇO: | L6: =DADOS!$C$16 -> 0.2403
B8: PLANILHA ORÇAMENTÁRIA
B10: SICRO / SINAPI | C10: ITEM | D10: SERVIÇO | E10: DMT | F10: UNID. | G10: QUANT. | H10: PREÇO (R$) | L10: %
H11: UNITÁRIO S/ BDI | I11: BDI | J11: UNITÁRIO C/ BDI | K11: TOTAL
C13: 01 | D13: SERVIÇOS PRELIMINARES
D15: PRELIMINARES
B16: 103689 | C16: 01.01 | D16: Fornecimento e instalação de placa de obra com chapa galvanizada e estrutura de madeira | F16: m² | G16: ='Serv. Preliminares'!I11 -> 8 | H16: 455.21 | I16: =TRUNC((H16*$L$6),2) -> 109.38 | J16: =H16+I16 -> 564.59 | K16: =TRUNC((G16*J16),2) -> 4516.72 | L16: =K16/$K$135 -> 0.019878011
B17: 10776 - Insumo | C17: 01.02 | D17: Locação de container 2,30m x 6,00m, alt 2,50m, para escritório, sem divisórias internas e sem sanitário (não inclui mobilização / desmobilização) | F17: mês | G17: ='Serv. Preliminares'!I14 -> 2 | H17: 706.05 | I17: =TRUNC((H17*$L$6),2) -> 169.66 | J17: =H17+I17 -> 875.71 | K17: =TRUNC((G17*J17),2) -> 1751.42 | L17: =K17/$K$135 -> 0.0077079708
B18: IUSP0004 - AGESUL | C18: 01.03 | D18: Locação de uma unidade de banheiro químico (2,31m x 1,15m x 1,15m com uma higienização por semana, inclusive transporte, carga e descarga | F18: mês | G18: ='Serv. Preliminares'!I15 -> 2 | H18: 1580 | I18: =TRUNC((H18*$L$6),2) -> 379.67 | J18: =H18+I18 -> 1959.67 | K18: =TRUNC((G18*J18),2) -> 3919.34 | L18: =K18/$K$135 -> 0.017248951
B19: IUI00002 - AGESUL | C19: 01.04 | D19: Fornecimento e colocação de tela tapume de proteção, altura 1,20m, fabricada com polietileno reforçado, por processo de extrusão, fornecida na cor laranja, no tipo leve, rolo com as seguintes dimensões h = 1,20m e I = 50m | F19: m² | G19: ='Serv. Preliminares'!I16 -> 14.4 | H19: 7.64 | I19: =TRUNC((H19*$L$6),2) -> 1.83 | J19: =H19+I19 -> 9.47 | K19: =TRUNC((G19*J19),2) -> 136.36 | L19: =K19/$K$135 -> 0.00060011813
B20: IUI00003 - AGESUL | C20: 01.05 | D20: Segurança de trânsito de advertência de obra com placa (fundo laranja) sobre cavalete, conforme ABNT NBR 7678 | F20: un. | G20: ='Serv. Preliminares'!I17 -> 1 | H20: 1282.5 | I20: =TRUNC((H20*$L$6),2) -> 308.18 | J20: =H20+I20 -> 1590.68 | K20: =TRUNC((G20*J20),2) -> 1590.68 | L20: =K20/$K$135 -> 0.0070005567
B21: 13244 - Insumo | C21: 01.06 | D21: Cone de sinalização em PVC rígido com faixa refletiva, H = 70cm / 76cm | F21: un. | G21: ='Serv. Preliminares'!I18 -> 1 | H21: 41.45 | I21: =TRUNC((H21*$L$6),2) -> 9.96 | J21: =H21+I21 -> 51.41 | K21: =TRUNC((G21*J21),2) -> 51.41 | L21: =K21/$K$135 -> 0.00022625457
E23: =CONCATENATE("SUBTOTAL ",C13) -> SUBTOTAL 01 | K23: =SUM(K13:K22) -> 11965.93 | L23: =SUM(L13:L22) -> 0.052661862
C25: 02 | D25: DEMOLIÇÕES
D27: CONCRETO EXISTENTE
B28: 97628 | C28: 02.01 | D28: Demolição de lajes, de forma manual, sem reaproveitamento | F28: m³ | G28: =Demolições!I10 -> 8.68 | H28: 255.79 | I28: =TRUNC((H28*$L$6),2) -> 61.46 | J28: =H28+I28 -> 317.25 | K28: =TRUNC((G28*J28),2) -> 2753.73 | L28: =K28/$K$135 -> 0.012119121
B29: 100978 | C29: 02.02 | D29: Carga, manobra e descarga de solos e materiais granulares em caminhão basculante 10m³, carga com escavadeira hidráulica (caçamba de 1,20m³ / 155HP) e descarga livre | F29: m³ | G29: =Demolições!I11 -> 11.28 | H29: 6.86 | I29: =TRUNC((H29*$L$6),2) -> 1.64 | J29: =H29+I29 -> 8.5 | K29: =TRUNC((G29*J29),2) -> 95.88 | L29: =K29/$K$135 -> 0.00042196631
B30: 95875 | C30: 02.03 | D30: Transporte com caminhão basculante de 10m³, em via urbana pavimentada, DMT até 30km - BOTA FORA | E30: =Demolições!$E$12 -> 4.9 | F30: m³.km | G30: =Demolições!I12 -> 55.27 | H30: 2.47 | I30: =TRUNC((H30*$L$6),2) -> 0.59 | J30: =H30+I30 -> 3.06 | K30: =TRUNC((G30*J30),2) -> 169.12 | L30: =K30/$K$135 -> 0.00074429436
B31: 100574 | C31: 02.04 | D31: Espalhamento de material com trator esteiras | F31: m³ | G31: =Demolições!I13 -> 11.28 | H31: 1.38 | I31: =TRUNC((H31*$L$6),2) -> 0.33 | J31: =H31+I31 -> 1.71 | K31: =TRUNC((G31*J31),2) -> 19.28 | L31: =K31/$K$135 -> 8.4850965e-05
D33: TUBULAÇÃO EXISTENTE
B34: IUD20055 - AGESUL | C34: 02.05 | D34: Remoção de canalização, com diâmetro de 0,40 m a 1,00 m, exclusive bota-fora | F34: m | G34: =Demolições!I18 -> 33.3 | H34: 9.26 | I34: =TRUNC((H34*$L$6),2) -> 2.22 | J34: =H34+I34 -> 11.48 | K34: =TRUNC((G34*J34),2) -> 382.28 | L34: =K34/$K$135 -> 0.001682408
B35: 100978 | C35: 02.06 | D35: Carga, manobra e descarga de solos e materiais granulares em caminhão basculante 10m³, carga com escavadeira hidráulica (caçamba de 1,20m³ / 155HP) e descarga livre | F35: m³ | G35: =Demolições!I19 -> 17.75 | H35: 6.86 | I35: =TRUNC((H35*$L$6),2) -> 1.64 | J35: =H35+I35 -> 8.5 | K35: =TRUNC((G35*J35),2) -> 150.87 | L35: =K35/$K$135 -> 0.0006639764
B36: 95875 | C36: 02.07 | D36: Transporte com caminhão basculante de 10m³, em via urbana pavimentada, DMT até 30km - BOTA FORA | E36: =Demolições!$E$20 -> 4.9 | F36: m³.km | G36: =Demolições!I20 -> 86.97 | H36: 2.47 | I36: =TRUNC((H36*$L$6),2) -> 0.59 | J36: =H36+I36 -> 3.06 | K36: =TRUNC((G36*J36),2) -> 266.12 | L36: =K36/$K$135 -> 0.0011711898
B37: 100574 | C37: 02.08 | D37: Espalhamento de material com trator esteiras | F37: m³ | G37: =Demolições!I21 -> 17.75 | H37: 1.38 | I37: =TRUNC((H37*$L$6),2) -> 0.33 | J37: =H37+I37 -> 1.71 | K37: =TRUNC((G37*J37),2) -> 30.35 | L37: =K37/$K$135 -> 0.00013356985
E39: =CONCATENATE("SUBTOTAL ",C25) -> SUBTOTAL 02 | K39: =SUM(K25:K38) -> 3867.63 | L39: =SUM(L25:L38) -> 0.017021376
C41: 03 | D41: DRENAGEM DE ÁGUAS PLUVIAIS
C43: 03.01 | D43: TERRAPLENAGEM
D45: ESCAVAÇÃO DE VALA
B46: 102278 | C46: 03.01.01 | D46: Escavação mecanizada de vala com prof. de 1,50m até 3,00m (média entre montante e jusante / um composição por trecho), com escavadeira hidráulica (1,20m³ / 155HP), larg. de 1,50m a 2,50m, em solo de 1ª categoria, em locais com nível alto de interferência | F46: m² | G46: ='Dre-Terraplenagem'!I23 -> 1058.37 | H46: 8.57 | I46: =TRUNC((H46*$L$6),2) -> 2.05 | J46: =H46+I46 -> 10.62 | K46: =TRUNC((G46*J46),2) -> 11239.88 | L46: =K46/$K$135 -> 0.049466528
B47: 100978 | C47: 03.01.02 | D47: Carga, manobra e descarga de solos e materiais granulares em caminhão basculante 10m³, carga com escavadeira hidráulica (caçamba de 1,20m³ / 155HP) e descarga livre | F47: m³ | G47: ='Dre-Terraplenagem'!I24 -> 1375.88 | H47: 6.86 | I47: =TRUNC((H47*$L$6),2) -> 1.64 | J47: =H47+I47 -> 8.5 | K47: =TRUNC((G47*J47),2) -> 11694.98 | L47: =K47/$K$135 -> 0.051469416
B48: 95875 | C48: 03.01.03 | D48: Transporte com caminhão basculante de 10m³, em via urbana pavimentada, DMT até 30km - BOTA FORA | E48: ='Dre-Terraplenagem'!$E$25 -> 4.9 | F48: m³.km | G48: ='Dre-Terraplenagem'!I25 -> 6741.81 | H48: 2.47 | I48: =TRUNC((H48*$L$6),2) -> 0.59 | J48: =H48+I48 -> 3.06 | K48: =TRUNC((G48*J48),2) -> 20629.93 | L48: =K48/$K$135 -> 0.090791985
B49: 100574 | C49: 03.01.04 | D49: Espalhamento de material com trator esteiras | F49: m³ | G49: ='Dre-Terraplenagem'!I26 -> 1375.88 | H49: 1.38 | I49: =TRUNC((H49*$L$6),2) -> 0.33 | J49: =H49+I49 -> 1.71 | K49: =TRUNC((G49*J49),2) -> 2352.75 | L49: =K49/$K$135 -> 0.010354414
B50: 96386 | C50: 03.01.05 | D50: Execução e compactação de aterro com solo predominantemente arenoso, exclusive solo, escavação, carga e transporte | F50: m³ | G50: ='Dre-Terraplenagem'!I27 -> 508.2 | H50: 6.6 | I50: =TRUNC((H50*$L$6),2) -> 1.58 | J50: =H50+I50 -> 8.18 | K50: =TRUNC((G50*J50),2) -> 4157.07 | L50: =K50/$K$135 -> 0.018295197
D52: LASTRO DE BRITA E PEDRA DE MÃO
B53: 101621 | C53: 03.01.06 | D53: Preparo de fundo de vala com largura maior ou igual a 1,50m e menor que 2,50m, com camada de brita, lançamento manual | F53: m³ | G53: ='Dre-Terraplenagem'!I30 -> 14.4 | H53: 255.56 | I53: =TRUNC((H53*$L$6),2) -> 61.41 | J53: =H53+I53 -> 316.97 | K53: =TRUNC((G53*J53),2) -> 4564.36 | L53: =K53/$K$135 -> 0.020087674
B54: IUD30028 - AGESUL | C54: 03.01.07 | D54: Enrocamento de pedra de mão, inclusive espalhamento e compactação mecânica, fornecimento e assentamento | F54: m³ | G54: ='Dre-Terraplenagem'!I32 -> 72 | H54: 122.75 | I54: =TRUNC((H54*$L$6),2) -> 29.49 | J54: =H54+I54 -> 152.24 | K54: =TRUNC((G54*J54),2) -> 10961.28 | L54: =K54/$K$135 -> 0.048240414
B55: 96616 | C55: 03.01.08 | D55: Lastro de concreto magro, aplicado em blocos de coroamento ou sapatas | F55: m³ | G55: ='Dre-Terraplenagem'!I34 -> 14.4 | H55: 756.29 | I55: =TRUNC((H55*$L$6),2) -> 181.73 | J55: =H55+I55 -> 938.02 | K55: =TRUNC((G55*J55),2) -> 13507.48 | L55: =K55/$K$135 -> 0.059446199
B56: 103670 | C56: 03.01.09 | D56: Lançamento com uso de baldes, adensamento e acabamento de concreto em estruturas | F56: m³ | G56: ='Dre-Terraplenagem'!I35 -> 14.4 | H56: 280.85 | I56: =TRUNC((H56*$L$6),2) -> 67.48 | J56: =H56+I56 -> 348.33 | K56: =TRUNC((G56*J56),2) -> 5015.95 | L56: =K56/$K$135 -> 0.022075114
B57: 95875 | C57: 03.01.10 | D57: Transporte com caminhão basculante de 10m³, em via urbana pavimentada, DMT até 30km - BRITA | E57: ='Dre-Terraplenagem'!$E$36 -> 30 | F57: m³.km | G57: ='Dre-Terraplenagem'!I36 -> 3024 | H57: 2.47 | I57: =TRUNC((H57*$L$6),2) -> 0.59 | J57: =H57+I57 -> 3.06 | K57: =TRUNC((G57*J57),2) -> 9253.44 | L57: =K57/$K$135 -> 0.040724238
B58: 93590 | C58: 03.01.11 | D58: Transporte com caminhão basculante de 10m³, em via urbana pavimentada, adicional para DMT excedente a 30km - BRITA | E58: ='Dre-Terraplenagem'!$E$37 -> 23.6 | F58: m³.km | G58: ='Dre-Terraplenagem'!I37 -> 2378.88 | H58: 0.97 | I58: =TRUNC((H58*$L$6),2) -> 0.23 | J58: =H58+I58 -> 1.2 | K58: =TRUNC((G58*J58),2) -> 2854.65 | L58: =K58/$K$135 -> 0.012563268
C61: 03.02 | D61: DISPOSITIVOS ESTRUTURAIS
D63: FORNECIMENTO DE TUBOS
B64: 7758 - Insumo | C64: 03.02.01 | D64: Tubo de concreto armado para águas pluviais, classe PA-1, com encaixe ponta e bolsa, diâmetro nominal de 1.500mm | F64: m | G64: ='Dre-Disp. Estruturais'!I23 -> 24 | H64: 1046.18 | I64: =TRUNC((H64*$L$6),2) -> 251.39 | J64: =H64+I64 -> 1297.57 | K64: =TRUNC((G64*J64),2) -> 31141.68 | L64: =K64/$K$135 -> 0.13705402
D66: ASSENTAMENTO DE TUBOS
B67: 92832 | C67: 03.02.02 | D67: Assentamento de tubo de concreto para redes coletoras de águas pluviais, diâmetro de 1.500mm, junta rígida, instalado em local com alto nível de interferência (não inclui fornecimento) | F67: m | G67: ='Dre-Disp. Estruturais'!I25 -> 24 | H67: 160.95 | I67: =TRUNC((H67*$L$6),2) -> 38.67 | J67: =H67+I67 -> 199.62 | K67: =TRUNC((G67*J67),2) -> 4790.88 | L67: =K67/$K$135 -> 0.021084585
D69: TRANSPORTE DE TUBOS
B70: 100952 | C70: 03.02.03 | D70: Transporte com caminhão carroceria com guindauto (munck), momento máximo de carga 11,7TM, em via urbana pavimentada, DMT até 30km - TUBOS E ADUELA | E70: ='Dre-Disp. Estruturais'!$E$29 -> 3.6 | F70: t.km | G70: ='Dre-Disp. Estruturais'!I29 -> 167 | H70: 2.82 | I70: =TRUNC((H70*$L$6),2) -> 0.67 | J70: =H70+I70 -> 3.49 | K70: =TRUNC((G70*J70),2) -> 582.83 | L70: =K70/$K$135 -> 0.0025650253
D72: BOCA DE LOBO
B73: IUD20008 - AGESUL | C73: 03.02.04 | D73: BLTC - Boca de lobo tripla, em concreto simples fck = 20MPa, incluindo forma, escavação, calçamento ao redor e grelha em FºFº tipo pesada, conforme projeto tipo | F73: un. | G73: ='Dre-Disp. Estruturais'!I32 -> 2 | H73: 4725.35 | I73: =TRUNC((H73*$L$6),2) -> 1135.5 | J73: =H73+I73 -> 5860.85 | K73: =TRUNC((G73*J73),2) -> 11721.7 | L73: =K73/$K$135 -> 0.05158701
B74: 100978 | C74: 03.02.05 | D74: Carga, manobra e descarga de solos e materiais granulares em caminhão basculante 10m³, carga com escavadeira hidráulica (caçamba de 1,20m³ / 155HP) e descarga livre | F74: m³ | G74: ='Dre-Disp. Estruturais'!I34 -> 2.13 | H74: 6.86 | I74: =TRUNC((H74*$L$6),2) -> 1.64 | J74: =H74+I74 -> 8.5 | K74: =TRUNC((G74*J74),2) -> 18.1 | L74: =K74/$K$135 -> 7.9657804e-05
B75: 95875 | C75: 03.02.06 | D75: Transporte com caminhão basculante de 10m³, em via urbana pavimentada, DMT até 30km - BRITA PARA BOCA DE LOBO | E75: ='Dre-Disp. Estruturais'!$E$35 -> 30 | F75: m³.km | G75: ='Dre-Disp. Estruturais'!I35 -> 63.9 | H75: 2.47 | I75: =TRUNC((H75*$L$6),2) -> 0.59 | J75: =H75+I75 -> 3.06 | K75: =TRUNC((G75*J75),2) -> 195.53 | L75: =K75/$K$135 -> 0.00086052433
B76: 93590 | C76: 03.02.07 | D76: Transporte com caminhão basculante de 10m³, em via urbana pavimentada, adicional para DMT excedente a 30km - BRITA PARA BOCA DE LOBO | E76: ='Dre-Disp. Estruturais'!$E$36 -> 23.6 | F76: m³.km | G76: ='Dre-Disp. Estruturais'!I36 -> 50.26 | H76: 0.97 | I76: =TRUNC((H76*$L$6),2) -> 0.23 | J76: =H76+I76 -> 1.2 | K76: =TRUNC((G76*J76),2) -> 60.31 | L76: =K76/$K$135 -> 0.00026542332
D78: BOCA DE BUEIRO
B79: 102746 | C79: 03.02.08 | D79: Boca-de-bueiro duplo tubular D 150cm em concreto, alas com esconsidade de 0º, incluindo formas e materiais | F79: un. | G79: ='Dre-Disp. Estruturais'!I39 -> 2 | H79: 17031.31 | I79: =TRUNC((H79*$L$6),2) -> 4092.62 | J79: =H79+I79 -> 21123.93 | K79: =TRUNC((G79*J79),2) -> 42247.86 | L79: =K79/$K$135 -> 0.18593214
B80: 100978 | C80: 03.02.09 | D80: Carga, manobra e descarga de solos e materiais granulares em caminhão basculante 10m³, carga com escavadeira hidráulica (caçamba de 1,20m³ / 155HP) e descarga livre | F80: m³ | G80: ='Dre-Disp. Estruturais'!I41 -> 16.91 | H80: 6.86 | I80: =TRUNC((H80*$L$6),2) -> 1.64 | J80: =H80+I80 -> 8.5 | K80: =TRUNC((G80*J80),2) -> 143.73 | L80: =K80/$K$135 -> 0.00063255338
B81: 95875 | C81: 03.02.10 | D81: Transporte com caminhão basculante de 10m³, em via urbana pavimentada, DMT até 30km - BRITA PARA BOCA DE BUEIRO | E81: ='Dre-Disp. Estruturais'!$E$42 -> 30 | F81: m³.km | G81: ='Dre-Disp. Estruturais'!I42 -> 507.3 | H81: 2.47 | I81: =TRUNC((H81*$L$6),2) -> 0.59 | J81: =H81+I81 -> 3.06 | K81: =TRUNC((G81*J81),2) -> 1552.33 | L81: =K81/$K$135 -> 0.006831779
B82: 93590 | C82: 03.02.11 | D82: Transporte com caminhão basculante de 10m³, em via urbana pavimentada, adicional para DMT excedente a 30km - BRITA PARA BOCA DE BUEIRO | E82: ='Dre-Disp. Estruturais'!$E$43 -> 23.6 | F82: m³.km | G82: ='Dre-Disp. Estruturais'!I43 -> 399.07 | H82: 0.97 | I82: =TRUNC((H82*$L$6),2) -> 0.23 | J82: =H82+I82 -> 1.2 | K82: =TRUNC((G82*J82),2) -> 478.88 | L82: =K82/$K$135 -> 0.0021075431
C84: 03.03 | D84: FECHAMENTO DE VALA
D86: REGULARIZAÇÃO
B87: 100576 | C87: 03.03.01 | D87: Regularização e compactação de subleito de solo predominantemente argiloso | F87: m² | G87: ='Dre-Fech de Vala'!K30 -> 96.72 | H87: 2.03 | I87: =TRUNC((H87*$L$6),2) -> 0.48 | J87: =H87+I87 -> 2.51 | K87: =TRUNC((G87*J87),2) -> 242.76 | L87: =K87/$K$135 -> 0.0010683828
D89: EXECUÇÃO DA BASE
B90: 96388 | C90: 03.03.02 | D90: Execução e compactação de base e ou sub base para pavimentação de solos de comportamento laterítico (arenoso), exclusive solo, escavação, carga e transporte - CASCALHO | F90: m³ | G90: ='Dre-Fech de Vala'!K33 -> 14.5 | H90: 8.97 | I90: =TRUNC((H90*$L$6),2) -> 2.15 | J90: =H90+I90 -> 11.12 | K90: =TRUNC((G90*J90),2) -> 161.24 | L90: =K90/$K$135 -> 0.0007096146
D92: ESCAVAÇÃO DA BASE
B93: 101114 | C93: 03.03.03 | D93: Escavação horizontal em solo de 1ª categoria, com trator de esteiras (100HP / lâmina: 2,19m³) | F93: m³ | G93: ='Dre-Fech de Vala'!K34 -> 18.85 | H93: 4.45 | I93: =TRUNC((H93*$L$6),2) -> 1.06 | J93: =H93+I93 -> 5.51 | K93: =TRUNC((G93*J93),2) -> 103.86 | L93: =K93/$K$135 -> 0.00045708616
D95: AQUISIÇÃO DA BASE
B96: MIUC00703 - AGESUL | C96: 03.03.04 | D96: Cascalho em cava | F96: m³ | G96: ='Dre-Fech de Vala'!K35 -> 18.85 | H96: 58.42 | I96: =TRUNC((H96*$L$6),2) -> 14.03 | J96: =H96+I96 -> 72.45 | K96: =TRUNC((G96*J96),2) -> 1365.68 | L96: =K96/$K$135 -> 0.0060103354
D98: TRANSPORTE DA BASE
B99: 95875 | C99: 03.03.05 | D99: Transporte com caminhão basculante de 10m³, em via urbana pavimentada, DMT até 30km - CASCALHO | E99: ='Dre-Fech de Vala'!$G$36 -> 30 | F99: m³.km | G99: ='Dre-Fech de Vala'!K36 -> 565.5 | H99: 2.47 | I99: =TRUNC((H99*$L$6),2) -> 0.59 | J99: =H99+I99 -> 3.06 | K99: =TRUNC((G99*J99),2) -> 1730.43 | L99: =K99/$K$135 -> 0.0076155941
B100: 93590 | C100: 03.03.06 | D100: Transporte com caminhão basculante de 10m³, em via urbana pavimentada, adicional para DMT excedente a 30km - CASCALHO | E100: ='Dre-Fech de Vala'!$G$37 -> 23.6 | F100: m³.km | G100: ='Dre-Fech de Vala'!K37 -> 444.86 | H100: 0.97 | I100: =TRUNC((H100*$L$6),2) -> 0.23 | J100: =H100+I100 -> 1.2 | K100: =TRUNC((G100*J100),2) -> 533.83 | L100: =K100/$K$135 -> 0.0023493771
D102: IMPRIMAÇÃO
B103: IUP30114 - AGESUL | C103: 03.03.07 | D103: Execução de imprimação com emulsão asfáltica a base d'água.(exclusive material betuminoso) | F103: m² | G103: ='Dre-Fech de Vala'!K39 -> 96.72 | H103: 0.65 | I103: =TRUNC((H103*$L$6),2) -> 0.15 | J103: =H103+I103 -> 0.8 | K103: =TRUNC((G103*J103),2) -> 77.37 | L103: =K103/$K$135 -> 0.00034050411
B104: IUP0007 - AGESUL | C104: 03.03.08 | D104: Emulsão asfáltica a base d'água para imprimação | F104: t | G104: ='Dre-Fech de Vala'!K41 -> 0.11 | H104: 4507.5 | I104: =TRUNC((H104*$L$6),2) -> 1083.15 | J104: =H104+I104 -> 5590.65 | K104: =TRUNC((G104*J104),2) -> 614.97 | L104: =K104/$K$135 -> 0.0027064729
B105: 102330 | C105: 03.03.09 | D105: Transporte com caminhão tanque de transporte de material asfáltico de 30.000L, em via urbana pavimentada, DMT até 30km - CM-IMPRIMA | E105: ='Dre-Fech de Vala'!$G$42 -> 30 | F105: t.km | G105: ='Dre-Fech de Vala'!K42 -> 3.3 | H105: 1.43 | I105: =TRUNC((H105*$L$6),2) -> 0.34 | J105: =H105+I105 -> 1.77 | K105: =TRUNC((G105*J105),2) -> 5.84 | L105: =K105/$K$135 -> 2.5701745e-05
B106: 102331 | C106: 03.03.10 | D106: Transporte com caminhão tanque de transporte de material asfáltico de 30.000L, em via urbana pavimentada, adicional para DMT excedente a 30km - CM-IMPRIMA | E106: ='Dre-Fech de Vala'!$G$43 -> 206 | F106: t.km | G106: ='Dre-Fech de Vala'!K43 -> 22.66 | H106: 0.56 | I106: =TRUNC((H106*$L$6),2) -> 0.13 | J106: =H106+I106 -> 0.69 | K106: =TRUNC((G106*J106),2) -> 15.63 | L106: =K106/$K$135 -> 6.8787375e-05
D108: CBUQ
B109: 1518 - Insumo | C109: 03.03.11 | D109: Concreto betuminoso usinado a quente (CBUQ) para pavimentação asfáltica, padrão DNIT, faixa "C", com CAP 50/70, aquisição posto usina | F109: t | G109: ='Dre-Fech de Vala'!K47 -> 7.41 | H109: 639.5 | I109: =TRUNC((H109*$L$6),2) -> 153.67 | J109: =H109+I109 -> 793.17 | K109: =TRUNC((G109*J109),2) -> 5877.38 | L109: =K109/$K$135 -> 0.025866253
B110: IUP20005 - AGESUL | C110: 03.03.12 | D110: Aplicação de concreto betuminoso usinado à quente (CBUQ), exclusive transporte e material | F110: t | G110: ='Dre-Fech de Vala'!K48 -> 7.41 | H110: 47.28 | I110: =TRUNC((H110*$L$6),2) -> 11.36 | J110: =H110+I110 -> 58.64 | K110: =TRUNC((G110*J110),2) -> 434.52 | L110: =K110/$K$135 -> 0.0019123154
B111: 95878 | C111: 03.03.13 | D111: Transporte com caminhão basculante de 10m³, em via urbana pavimentada, DMT até 30km - CBUQ | E111: ='Dre-Fech de Vala'!$G$50 -> 7.4 | F111: t.km | G111: ='Dre-Fech de Vala'!K50 -> 54.83 | H111: 1.66 | I111: =TRUNC((H111*$L$6),2) -> 0.39 | J111: =H111+I111 -> 2.05 | K111: =TRUNC((G111*J111),2) -> 112.4 | L111: =K111/$K$135 -> 0.00049467056
E113: =CONCATENATE("SUBTOTAL ",C41) -> SUBTOTAL 03 | K113: =SUM(K41:K112) -> 200441.51 | L113: =SUM(L41:L112) -> 0.88213981
C115: 04 | D115: SERVIÇOS COMPLEMENTARES
D117: MEIO FIO E TENTO
B118: IUP30001 - AGESUL | C118: 04.01 | D118: Meio-fio com sarjeta, concreto fck=15 MPa, seção 615cm², moldado no local, inclusive escavação e pintura a cal em uma demão | F118: m | G118: ='Serv. Complementares'!I10 -> 11 | H118: 57.15 | I118: =TRUNC((H118*$L$6),2) -> 13.73 | J118: =H118+I118 -> 70.88 | K118: =TRUNC((G118*J118),2) -> 779.68 | L118: =K118/$K$135 -> 0.0034313589
B119: 100978 | C119: 04.02 | D119: Carga, manobra e descarga de solos e materiais granulares em caminhão basculante 10m³, carga com escavadeira hidráulica (caçamba de 1,20m³ / 155HP) e descarga livre | F119: m³ | G119: ='Serv. Complementares'!I13 -> 0.39 | H119: 6.86 | I119: =TRUNC((H119*$L$6),2) -> 1.64 | J119: =H119+I119 -> 8.5 | K119: =TRUNC((G119*J119),2) -> 3.31 | L119: =K119/$K$135 -> 1.4567256e-05
B120: 95875 | C120: 04.03 | D120: Transporte com caminhão basculante de 10m³, em via urbana pavimentada, DMT até 30km - BRITA PARA MEIO FIO E TENTO | E120: ='Serv. Complementares'!$E$14 -> 30 | F120: m³.km | G120: ='Serv. Complementares'!I14 -> 11.7 | H120: 2.47 | I120: =TRUNC((H120*$L$6),2) -> 0.59 | J120: =H120+I120 -> 3.06 | K120: =TRUNC((G120*J120),2) -> 35.8 | L120: =K120/$K$135 -> 0.00015755521
B121: 93590 | C121: 04.04 | D121: Transporte com caminhão basculante de 10m³, em via urbana pavimentada, adicional para DMT excedente a 30km - BRITA PARA MEIO FIO E TENTO | E121: ='Serv. Complementares'!$E$15 -> 23.6 | F121: m³.km | G121: ='Serv. Complementares'!I15 -> 9.2 | H121: 0.97 | I121: =TRUNC((H121*$L$6),2) -> 0.23 | J121: =H121+I121 -> 1.2 | K121: =TRUNC((G121*J121),2) -> 11.04 | L121: =K121/$K$135 -> 4.858686e-05
E123: =CONCATENATE("SUBTOTAL ",C115) -> SUBTOTAL 04 | K123: =SUM(K115:K122) -> 829.83 | L123: =SUM(L115:L122) -> 0.0036520683
C125: 05 | D125: ADMINISTRAÇÃO LOCAL
D127: EQUIPE TÉCNICA | N127: HORAS | O127: DIAS | P127: MESES
B128: 90777 | C128: 05.01 | D128: Engenheiro civil de obra junior com encargos complentares | F128: h | G128: =ROUND((N128*O128*P128),2) -> 22 | H128: 125.79 | I128: =TRUNC((H128*$L$6),2) -> 30.22 | J128: =H128+I128 -> 156.01 | K128: =TRUNC((G128*J128),2) -> 3432.22 | L128: =K128/$K$135 -> 0.015105144 | N128: 0.5 | O128: 22 | P128: 2
B129: 90776 | C129: 05.02 | D129: Encarregado geral com encargos complementares | F129: h | G129: =ROUND((N129*O129*P129),2) -> 176 | H129: 29.44 | I129: =TRUNC((H129*$L$6),2) -> 7.07 | J129: =H129+I129 -> 36.51 | K129: =TRUNC((G129*J129),2) -> 6425.76 | L129: =K129/$K$135 -> 0.028279665 | N129: 4 | O129: 22 | P129: =$P$128 -> 2
B130: 90781 | C130: 05.03 | D130: Topógrafo com encargos complementares | F130: h | G130: =ROUND((N130*O130*P130),2) -> 5.5 | H130: 25.34 | I130: =TRUNC((H130*$L$6),2) -> 6.08 | J130: =H130+I130 -> 31.42 | K130: =TRUNC((G130*J130),2) -> 172.81 | L130: =K130/$K$135 -> 0.00076053399 | N130: 0.5 | O130: 22 | P130: 0.5
B131: 88253 | C131: 05.04 | D131: Auxiliar de topógrafo com encargos complementares | F131: h | G131: =ROUND((N131*O131*P131),2) -> 5.5 | H131: 12.65 | I131: =TRUNC((H131*$L$6),2) -> 3.03 | J131: =H131+I131 -> 15.68 | K131: =TRUNC((G131*J131),2) -> 86.24 | L131: =K131/$K$135 -> 0.00037954083 | N131: 0.5 | O131: 22 | P131: 0.5
E133: =CONCATENATE("SUBTOTAL ",C125) -> SUBTOTAL 05 | K133: =SUM(K125:K132) -> 10117.03 | L133: =SUM(L125:L132) -> 0.044524884
B135: TOTAL GERAL | K135: =SUM(K12:K134)/2 -> 227221.93 | L135: =SUM(L12:L134)/2 -> 1 | N135: =K135-K34 -> 226839.65
D137: QUADRO RESUMO
C139: =C13 -> 01 | D139: =D13 -> SERVIÇOS PRELIMINARES | K139: =K23 -> 11965.93 | L139: =L23 -> 0.052661862
...

Sheet BDI SERVIÇO
C2: VERIFICAÇÃO DO BDI - ACÓRDÃO 2.622/2013
C5: DADOS INICIAIS
C7: TIPO DE OBRA: | D7: Construção de rodovias e ferrovias
C9: ENQUADRAMENTO NA DESONERAÇÃO CONFORME LEI N° 12.844/2013:* | G9: NÃO | L9: =IF(G9="","PREENCHER SE A OBRA POSSUI FOLHA DE PAGAMENTO DESONERADA","")
C10: *Uso de encargos sociais desonerados na elaboração do orçamento
C12: ENQUADRAM-SE NO TIPO SELECIONADO:
C13: =VLOOKUP(BV295,BW257:BX262,2,0) -> A construção e recuperação de: auto-estradas, rodovias e outras vias não-urbanas para passagem de veículos, vias férreas de superfície ou subterrâneas (inclusive para metropolitanos), pistas de aeroportos. Esta classe compreende também: a pavimentação de auto-estradas, rodovias e outras vias não-urbanas; construção de pontes, viadutos e túneis; a instalação de barreiras acústicas; a construção de praças de pedágio; a sinalização com pintura em rodovias e aeroportos; a instalação de placas de sinalização de tráfego e semelhantes, conforme classificação 4211-1 do CNAE 2.0. Também enquadram-se a construção, pavimentação e sinalização de vias urbanas, ruas e locais para estacionamento de veículos; a construção de praças e calçadas para pedestres; elevados, passarelas e ciclovias; metrô e VLT.
C15: CÁLCULO DOS IMPOSTOS
C17: TIPO DE TRIBUTAÇÃO SOBRE O LUCRO: | F17: LUCRO PRESUMIDO | L17: =IF(F17="LUCRO REAL","PARA CÁLCULO DO IMPOSTO PREENCHER O % ADOTADO DE LUCRO NO CÁLCULO DO BDI - CELULA F40","")
C19: Imposto | D19: Aliquota | E19: Base de cálculo
C20: PIS | D20: =VLOOKUP($F$17,$CF$266:$CI$267,2,0) -> 0.0065 | E20: =VLOOKUP(F17,CF266:CI267,4,0) -> RECEITA BRUTA (VALOR DA NOTA)
C21: COFINS | D21: =VLOOKUP($F$17,$CF$266:$CI$267,3,0) -> 0.03
C23: ISS BRUTO % (LEI MUNICIPAL): | E23: % INCIDÊNCIA (M.OBRA)*
C24: 0.05 | E24: 0.4
E25: ,
C26: ISS LÍQUIDO | D26: =+C24*E24 -> 0.02
E28: TOTAL IMPOSTOS | G28: =VLOOKUP(F17,CF266:CJ267,5,0) -> 0.0565
C30: *Incidência do total do contrato que representa mão de obra para compor a base de cálculo conf. legislação municipal.
C34: VERIFICAÇÃO E CÁLCULO DO BDI
C36: ITEM COMPONENTE | D36: 1º QUARTIL | E36: MÉDIO | F36: 3º QUARTIL | G36: Adotado | J36: Cálculo arredondado
C37: Administração Central | D37: =BW296 -> 0.038 | E37: =BX296 -> 0.0401 | F37: =BY296 -> 0.0467 | G37: 0.0467 | J37: =TRUNC(G37,4) -> 0.0467
C38: Seguro e Garantia | D38: =BW297 -> 0.0032 | E38: =BX297 -> 0.004 | F38: =BY297 -> 0.0074 | G38: 0.0074 | J38: =TRUNC(G38,4) -> 0.0074
C39: Risco | D39: =BW298 -> 0.005 | E39: =BX298 -> 0.0056 | F39: =BY298 -> 0.0097 | G39: 0.0097 | J39: =TRUNC(G39,4) -> 0.0097
C40: Despesas Financeiras | D40: =BW299 -> 0.0102 | E40: =BX299 -> 0.0111 | F40: =BY299 -> 0.0121 | G40: 0.0121 | J40: =TRUNC(G40,4) -> 0.0121
C41: Lucro | D41: =BW300 -> 0.0664 | E41: =BX300 -> 0.073 | F41: =BY300 -> 0.0869 | G41: 0.0869 | J41: =TRUNC(G41,4) -> 0.0869
C43: Impostos | G43: =G28 -> 0.0565 | J43: =TRUNC(G43,5) -> 0.0565
C50: BDI CALCULADO | F50: =TRUNC((((1+J37+J38+J39)*(1+J40)*(1+J41))/(1-J43))-1,4) -> 0.2403
C52: =IF(F50<D54,"ERRO - BDI INFERIOR AO 1º QUARTIL",IF(F50>F54,"ERRO - BDI SUPERIOR AO 3º QUARTIL",""))
D53: 1º QUARTIL | E53: MÉDIO | F53: 3º QUARTIL
C54: LIMITES DO BDI | D54: =BW295 -> 0.196 | E54: =BX295 -> 0.2097 | F54: =BY295 -> 0.2423
C56: CORREÇÃO DA DESONERAÇÃO
C58: BDI CALCULADO C/ DESONERAÇÃO (USO DE E.S. DESONERADOS): | F58: =TRUNC((((1+J37+J38+J39)*(1+J40)*(1+J41))/(1-J60))-1,4) -> 0.3024
C60: INSS SOBRE A RECEITA BRUTA: | D60: 0.045 | E60: TOTAL IMPOSTOS | G60: =+G28+D60 -> 0.1015 | J60: =TRUNC(G60,5) -> 0.1015
B65: ____________________________________
B66: Elemento Engenharia e Arquitetura CNPJ: 33.545.436/0001-15
BU255: BANCO DE DADOS
BV256: TIPO DE OBRA | BW256: CÓDIGO | BX256: ENQUARAMENTO
BU257: 100 | BV257: Construção de edificios | BW257: =+BU257 -> 100 | BX257: A construção e reforma de: edifícios, unidades habitacionais, escolas, hospitais, hotéis, restaurantes, armazéns e depósitos, edifícios para uso agropecuário, estações para trens e metropolitanos, estádios esportivos e quadras cobertas, instalações para embarque e desembarque de passageiros (em aeroportos, rodoviárias, portos, etc.), penitenciárias e presídios, a construção de edifícios industriais (fábricas, oficinas, galpões industriais, etc.), conforme classificação 4120-4 do CNAE 2.0. Também enquadram-se pórticos, mirantes e outros edifícios de finalidade turística.
BU258: 200 | BV258: Construção de rodovias e ferrovias | BW258: =+BU258 -> 200 | BX258: A construção e recuperação de: auto-estradas, rodovias e outras vias não-urbanas para passagem de veículos, vias férreas de superfície ou subterrâneas (inclusive para metropolitanos), pistas de aeroportos. Esta classe compreende também: a pavimentação de auto-estradas, rodovias e outras vias não-urbanas; construção de pontes, viadutos e túneis; a instalação de barreiras acústicas; a construção de praças de pedágio; a sinalização com pintura em rodovias e aeroportos; a instalação de placas de sinalização de tráfego e semelhantes, conforme classificação 4211-1 do CNAE 2.0. Também enquadram-se a construção, pavimentação e sinalização de vias urbanas, ruas e locais para estacionamento de veículos; a construção de praças e calçadas para pedestres; elevados, passarelas e ciclovias; metrô e VLT.
BU259: 300 | BV259: Construção de Redes de Abastecimento de Água, Coleta de Esgoto e Construções Correlatas | BW259: =+BU259 -> 300 | BX259: A construção de sistemas para o abastecimento de água tratada: reservatórios de distribuição, estações elevatórias de bombeamento, linhas principais de adução de longa e média distância e redes de distribuição de água; a construção de redes de coleta de esgoto, inclusive de interceptores, estações de tratamento de esgoto (ETE), estações de bombeamento de esgoto (EBE); a construção de galerias pluviais (obras de micro e macro drenagem). Esta classe compreende também: as obras de irrigação (canais); a manutenção de redes de abastecimento de água tratada; a manutenção de redes de coleta e de sistemas de tratamento de esgoto, conforme classificação 4222-7 do CNAE 2.0. Enquadra-se ainda a construção de estações de tratamento de água (ETA).
BU260: 400 | BV260: Construção e Manutenção de Estações e Redes de Distribuição de Energia Elétrica | BW260: =+BU260 -> 400 | BX260: A construção de usinas, estações e subestações hidrelétricas, eólicas, nucleares, termoelétricas; a construção de redes de transmissão e distribuição de energia elétrica, inclusive o serviço de eletrificação rural. Esta subclasse compreende também: a construção de redes de eletrificação para ferrovias e metropolitano, conforme classificação 4221-9/02 do CNAE 2.0. Compreende ainda: a manutenção de redes de distribuição de energia elétrica, quando executada por empresa não-produtora ou distribuidora de energia elétrica, conforme classificação 4221-9/03 do CNAE 2.0. Enquadram-se também obras de iluminação pública e a construção de barragens e represas para geração de energia elétrica.
BU261: 500 | BV261: Portuárias, Marítimas e Fluviais | BW261: =+BU261 -> 500 | BX261: As obras marítimas e fluviais, tais como, construção de instalações portuárias; construção de portos e marinas; construção de eclusas e canais de navegação (vias navegáveis); enrocamentos; obras de dragagem; aterro hidráulico; barragens, represas e diques, exceto para energia elétrica; a construção de emissários submarinos; a instalação de cabos submarinos, conforme classificação 4291-0 do CNAE 2.0. Enquadram-se também a construção de piers e outras obras com influência direta de cursos d’água.
BU262: 600 | BV262: Fornecimento de Materiais e Equipamentos | BW262: =+BU262 -> 600 | BX262: O fornecimento de materiais e equipamentos relevantes de natureza específica, como é o caso de: materiais betuminosos para obras rodoviárias,tubos de ferro fundido ou PVC para obras de abastecimento de água,elevadores e escadas rolantes para obras aeroportuárias. Os materiais e equipamentos devem compor itens próprios na planilha orçamentária, apartados de sua instalação, assentamento ou produção, p. ex., conjunto motor-bomba, tubulação de ferro fundido e material betuminoso, respectivamente. A adoção de taxa de BDI reduzida somente se justifica no caso de ficarem satisfeitas cumulativamente as seguintes condições: fornecimento de materiais e equipamentos que possam ser contratados diretamente do fabricante ou de fornecedor com especialidade própria e diversa da contratada principal;que se constitua mera intermediação entre a construtora e o fabricante; que a intermediação para fornecimento de equipamentos seja atividade residual da construtora.
CG265: PIS | CH265: CONFINS | CI265: BASE DE CÁLCULO
CF266: LUCRO PRESUMIDO | CG266: 0.0065 | CH266: 0.03 | CI266: RECEITA BRUTA (VALOR DA NOTA) | CJ266: =(D20+D21)+D26 -> 0.0565
CF267: LUCRO REAL | CG267: 0.0165 | CH267: 0.076 | CI267: LUCRO | CJ267: =(D20+D21)*(G41/(1+G41))+D26 -> 0.022918254
CE271: =BU257 -> 100 | CF271: =BV257 -> Construção de edificios
CE272: =+CE271+1 -> 101 | CF272: Administração Central | CG272: 0.03 | CH272: 0.04 | CI272: 0.055
CE273: =+CE272+1 -> 102 | CF273: Seguro e Garantia | CG273: 0.008 | CH273: 0.008 | CI273: 0.01
CE274: =+CE273+1 -> 103 | CF274: Risco | CG274: 0.0097 | CH274: 0.0127 | CI274: 0.0127
CE275: =+CE274+1 -> 104 | CF275: Despesas Financeiras | CG275: 0.0059 | CH275: 0.0123 | CI275: 0.0139
CE276: =+CE275+1 -> 105 | CF276: Lucro | CG276: 0.0616 | CH276: 0.074 | CI276: 0.0896
CE279: =BU258 -> 200 | CF279: =BV258 -> Construção de rodovias e ferrovias
CE280: =+CE279+1 -> 201 | CF280: Administração Central | CG280: 0.038 | CH280: 0.0401 | CI280: 0.0467
CE281: =+CE280+1 -> 202 | CF281: Seguro e Garantia | CG281: 0.0032 | CH281: 0.004 | CI281: 0.0074
CE282: =+CE281+1 -> 203 | CF282: Risco | CG282: 0.005 | CH282: 0.0056 | CI282: 0.0097
CE283: =+CE282+1 -> 204 | CF283: Despesas Financeiras | CG283: 0.0102 | CH283: 0.0111 | CI283: 0.0121
CE284: =+CE283+1 -> 205 | CF284: Lucro | CG284: 0.0664 | CH284: 0.073 | CI284: 0.0869
CE287: =BU259 -> 300 | CF287: =BV259 -> Construção de Redes de Abastecimento de Água, Coleta de Esgoto e Construções Correlatas
CE288: =+CE287+1 -> 301 | CF288: Administração Central | CG288: 0.0343 | CH288: 0.0493 | CI288: 0.0671
CE289: =+CE288+1 -> 302 | CF289: Seguro e Garantia | CG289: 0.0028 | CH289: 0.0049 | CI289: 0.0075
CE290: =+CE289+1 -> 303 | CF290: Risco | CG290: 0.01 | CH290: 0.0139 | CI290: 0.0174
CE291: =+CE290+1 -> 304 | CF291: Despesas Financeiras | CG291: 0.0094 | CH291: 0.0099 | CI291: 0.0117
CE292: =+CE291+1 -> 305 | CF292: Lucro | CG292: 0.0674 | CH292: 0.0804 | CI292: 0.094
BV294: Código da pesquisa | BW294: 1º Quartil | BX294: Médio | BY294: 3º Quartil | CE294: =BU260 -> 400 | CF294: =BV260 -> Construção e Manutenção de Estações e Redes de Distribuição de Energia Elétrica
BU295: BDI | BV295: =VLOOKUP(D7,BV257:BW262,2,0) -> 200 | BW295: =VLOOKUP($BV295,$BU$306:$BY$311,3,0) -> 0.196 | BX295: =VLOOKUP($BV295,$BU$306:$BY$311,4,0) -> 0.2097 | BY295: =VLOOKUP($BV295,$BU$306:$BY$311,5,0) -> 0.2423 | CE295: =+CE294+1 -> 401 | CF295: Administração Central | CG295: 0.0529 | CH295: 0.0592 | CI295: 0.0793
BU296: Administração Central | BV296: =+BV295+1 -> 201 | BW296: =VLOOKUP($BV296,$CE$271:$CI$312,3,0) -> 0.038 | BX296: =VLOOKUP($BV296,$CE$271:$CI$312,4,0) -> 0.0401 | BY296: =VLOOKUP($BV296,$CE$271:$CI$312,5,0) -> 0.0467 | CE296: =+CE295+1 -> 402 | CF296: Seguro e Garantia | CG296: 0.0025 | CH296: 0.0051 | CI296: 0.0056
BU297: Seguro e Garantia | BV297: =+BV296+1 -> 202 | BW297: =VLOOKUP($BV297,$CE$271:$CI$312,3,0) -> 0.0032 | BX297: =VLOOKUP($BV297,$CE$271:$CI$312,4,0) -> 0.004 | BY297: =VLOOKUP($BV297,$CE$271:$CI$312,5,0) -> 0.0074 | CE297: =+CE296+1 -> 403 | CF297: Risco | CG297: 0.01 | CH297: 0.0148 | CI297: 0.0197
BU298: Risco | BV298: =+BV297+1 -> 203 | BW298: =VLOOKUP($BV298,$CE$271:$CI$312,3,0) -> 0.005 | BX298: =VLOOKUP($BV298,$CE$271:$CI$312,4,0) -> 0.0056 | BY298: =VLOOKUP($BV298,$CE$271:$CI$312,5,0) -> 0.0097 | CE298: =+CE297+1 -> 404 | CF298: Despesas Financeiras | CG298: 0.0101 | CH298: 0.0107 | CI298: 0.0111
BU299: Despesas Financeiras | BV299: =+BV298+1 -> 204 | BW299: =VLOOKUP($BV299,$CE$271:$CI$312,3,0) -> 0.0102 | BX299: =VLOOKUP($BV299,$CE$271:$CI$312,4,0) -> 0.0111 | BY299: =VLOOKUP($BV299,$CE$271:$CI$312,5,0) -> 0.0121 | CE299: =+CE298+1 -> 405 | CF299: Lucro | CG299: 0.08 | CH299: 0.0831 | CI299: 0.0951
BU300: Lucro | BV300: =+BV299+1 -> 205 | BW300: =VLOOKUP($BV300,$CE$271:$CI$312,3,0) -> 0.0664 | BX300: =VLOOKUP($BV300,$CE$271:$CI$312,4,0) -> 0.073 | BY300: =VLOOKUP($BV300,$CE$271:$CI$312,5,0) -> 0.0869 | CE300: =BU261 -> 500 | CF300: =BV261 -> Portuárias, Marítimas e Fluviais
CE301: =+CE300+1 -> 501 | CF301: Administração Central | CG301: 0.04 | CH301: 0.0552 | CI301: 0.0785
CE302: =+CE301+1 -> 502 | CF302: Seguro e Garantia | CG302: 0.0081 | CH302: 0.0122 | CI302: 0.0199
CE303: =+CE302+1 -> 503 | CF303: Risco | CG303: 0.0146 | CH303: 0.0232 | CI303: 0.0316
CE304: =+CE303+1 -> 504 | CF304: Despesas Financeiras | CG304: 0.0094 | CH304: 0.0102 | CI304: 0.0133
BW305: 1 Quartil | BX305: Médio | BY305: 3 Quartil | CE305: =+CE304+1 -> 505 | CF305: Lucro | CG305: 0.0714 | CH305: 0.084 | CI305: 0.1043
BU306: =BU257 -> 100 | BV306: =VLOOKUP(BU306,BU257:BV262,2,0) -> Construção de edificios | BW306: 0.2034 | BX306: 0.2212 | BY306: 0.25
BU307: 200 | BV307: =VLOOKUP(BU307,BU258:BV263,2,0) -> Construção de rodovias e ferrovias | BW307: 0.196 | BX307: 0.2097 | BY307: 0.2423 | CE307: =BU262 -> 600 | CF307: =BV262 -> Fornecimento de Materiais e Equipamentos
BU308: =BU259 -> 300 | BV308: =VLOOKUP(BU308,BU259:BV264,2,0) -> Construção de Redes de Abastecimento de Água, Coleta de Esgoto e Construções Correlatas | BW308: 0.2076 | BX308: 0.2418 | BY308: 0.2644 | CE308: =+CE307+1 -> 601 | CF308: Administração Central | CG308: 0.015 | CH308: 0.0345 | CI308: 0.0449
BU309: 400 | BV309: =VLOOKUP(BU309,BU260:BV265,2,0) -> Construção e Manutenção de Estações e Redes de Distribuição de Energia Elétrica | BW309: 0.24 | BX309: 0.2584 | BY309: 0.2786 | CE309: =+CE308+1 -> 602 | CF309: Seguro e Garantia | CG309: 0.003 | CH309: 0.0048 | CI309: 0.0082
BU310: 500 | BV310: =VLOOKUP(BU310,BU261:BV266,2,0) -> Portuárias, Marítimas e Fluviais | BW310: 0.228 | BX310: 0.2748 | BY310: 0.3095 | CE310: =+CE309+1 -> 603 | CF310: Risco | CG310: 0.0056 | CH310: 0.0085 | CI310: 0.0089
BU311: 600 | BV311: =VLOOKUP(BU311,BU262:BV267,2,0) -> Fornecimento de Materiais e Equipamentos | BW311: 0.111 | BX311: 0.1402 | BY311: 0.168 | CE311: =+CE310+1 -> 604 | CF311: Despesas Financeiras | CG311: 0.0085 | CH311: 0.0085 | CI311: 0.0111
CE312: =+CE311+1 -> 605 | CF312: Lucro | CG312: 0.035 | CH312: 0.0511 | CI312: 0.0622

Sheet BDI INSUMO
C2: VERIFICAÇÃO DO BDI - ACÓRDÃO 2.622/2013
C5: DADOS INICIAIS
C7: TIPO DE OBRA: | D7: Fornecimento de Materiais e Equipamentos
C9: ENQUADRAMENTO NA DESONERAÇÃO CONFORME LEI N° 12.844/2013:* | G9: NÃO | L9: =IF(G9="","PREENCHER SE A OBRA POSSUI FOLHA DE PAGAMENTO DESONERADA","")
C10: *Uso de encargos sociais desonerados na elaboração do orçamento
C12: ENQUADRAM-SE NO TIPO SELECIONADO:
C13: =VLOOKUP(BV295,BW257:BX262,2,0) -> O fornecimento de materiais e equipamentos relevantes de natureza específica, como é o caso de: materiais betuminosos para obras rodoviárias,tubos de ferro fundido ou PVC para obras de abastecimento de água,elevadores e escadas rolantes para obras aeroportuárias. Os materiais e equipamentos devem compor itens próprios na planilha orçamentária, apartados de sua instalação, assentamento ou produção, p. ex., conjunto motor-bomba, tubulação de ferro fundido e material betuminoso, respectivamente. A adoção de taxa de BDI reduzida somente se justifica no caso de ficarem satisfeitas cumulativamente as seguintes condições: fornecimento de materiais e equipamentos que possam ser contratados diretamente do fabricante ou de fornecedor com especialidade própria e diversa da contratada principal;que se constitua mera intermediação entre a construtora e o fabricante; que a intermediação para fornecimento de equipamentos seja atividade residual da construtora.
C15: CÁLCULO DOS IMPOSTOS
C17: TIPO DE TRIBUTAÇÃO SOBRE O LUCRO: | F17: LUCRO PRESUMIDO | L17: =IF(F17="LUCRO REAL","PARA CÁLCULO DO IMPOSTO PREENCHER O % ADOTADO DE LUCRO NO CÁLCULO DO BDI - CELULA F40","")
C19: Imposto | D19: Aliquota | E19: Base de cálculo
C20: PIS | D20: =VLOOKUP($F$17,$CF$266:$CI$267,2,0) -> 0.0065 | E20: =VLOOKUP(F17,CF266:CI267,4,0) -> RECEITA BRUTA (VALOR DA NOTA)
C21: COFINS | D21: =VLOOKUP($F$17,$CF$266:$CI$267,3,0) -> 0.03
C23: ISS BRUTO % (LEI MUNICIPAL): | E23: % INCIDÊNCIA (M.OBRA)*
C24: 0 | E24: 0.4
E25: ,
C26: ISS LÍQUIDO | D26: =+C24*E24 -> 0
E28: TOTAL IMPOSTOS | G28: =VLOOKUP(F17,CF266:CJ267,5,0) -> 0.0365
C30: *Incidência do total do contrato que representa mão de obra para compor a base de cálculo conf. legislação municipal.
C34: VERIFICAÇÃO E CÁLCULO DO BDI
C36: ITEM COMPONENTE | D36: 1º QUARTIL | E36: MÉDIO | F36: 3º QUARTIL | G36: Adotado | J36: Cálculo arredondado
C37: Administração Central | D37: =BW296 -> 0.015 | E37: =BX296 -> 0.0345 | F37: =BY296 -> 0.0449 | G37: 0.0345 | J37: =TRUNC(G37,4) -> 0.0345
C38: Seguro e Garantia | D38: =BW297 -> 0.003 | E38: =BX297 -> 0.0048 | F38: =BY297 -> 0.0082 | G38: 0.0048 | J38: =TRUNC(G38,4) -> 0.0048
C39: Risco | D39: =BW298 -> 0.0056 | E39: =BX298 -> 0.0085 | F39: =BY298 -> 0.0089 | G39: 0.0085 | J39: =TRUNC(G39,4) -> 0.0085
C40: Despesas Financeiras | D40: =BW299 -> 0.0085 | E40: =BX299 -> 0.0085 | F40: =BY299 -> 0.0111 | G40: 0.0085 | J40: =TRUNC(G40,4) -> 0.0085
C41: Lucro | D41: =BW300 -> 0.035 | E41: =BX300 -> 0.0511 | F41: =BY300 -> 0.0622 | G41: 0.0511 | J41: =TRUNC(G41,4) -> 0.0511
C43: Impostos | G43: =G28 -> 0.0365 | J43: =TRUNC(G43,5) -> 0.0365
C50: BDI CALCULADO | F50: =TRUNC((((1+J37+J38+J39)*(1+J40)*(1+J41))/(1-J43))-1,4) -> 0.1527
C52: =IF(F50<D54,"ERRO - BDI INFERIOR AO 1º QUARTIL",IF(F50>F54,"ERRO - BDI SUPERIOR AO 3º QUARTIL",""))
D53: 1º QUARTIL | E53: MÉDIO | F53: 3º QUARTIL
C54: LIMITES DO BDI | D54: =BW295 -> 0.111 | E54: =BX295 -> 0.1402 | F54: =BY295 -> 0.168
C56: CORREÇÃO DA DESONERAÇÃO
C58: BDI CALCULADO C/ DESONERAÇÃO (USO DE E.S. DESONERADOS): | F58: =TRUNC((((1+J37+J38+J39)*(1+J40)*(1+J41))/(1-J60))-1,4) -> 0.2092
C60: INSS SOBRE A RECEITA BRUTA: | D60: 0.045 | E60: TOTAL IMPOSTOS | G60: =+G28+D60 -> 0.0815 | J60: =TRUNC(G60,5) -> 0.0815
B65: ____________________________________
B66: Elemento Engenharia e Arquitetura CNPJ: 33.545.436/0001-15
BU255: BANCO DE DADOS
BV256: TIPO DE OBRA | BW256: CÓDIGO | BX256: ENQUARAMENTO
BU257: 100 | BV257: Construção de edificios | BW257: =+BU257 -> 100 | BX257: A construção e reforma de: edifícios, unidades habitacionais, escolas, hospitais, hotéis, restaurantes, armazéns e depósitos, edifícios para uso agropecuário, estações para trens e metropolitanos, estádios esportivos e quadras cobertas, instalações para embarque e desembarque de passageiros (em aeroportos, rodoviárias, portos, etc.), penitenciárias e presídios, a construção de edifícios industriais (fábricas, oficinas, galpões industriais, etc.), conforme classificação 4120-4 do CNAE 2.0. Também enquadram-se pórticos, mirantes e outros edifícios de finalidade turística.
BU258: 200 | BV258: Construção de rodovias e ferrovias | BW258: =+BU258 -> 200 | BX258: A construção e recuperação de: auto-estradas, rodovias e outras vias não-urbanas para passagem de veículos, vias férreas de superfície ou subterrâneas (inclusive para metropolitanos), pistas de aeroportos. Esta classe compreende também: a pavimentação de auto-estradas, rodovias e outras vias não-urbanas; construção de pontes, viadutos e túneis; a instalação de barreiras acústicas; a construção de praças de pedágio; a sinalização com pintura em rodovias e aeroportos; a instalação de placas de sinalização de tráfego e semelhantes, conforme classificação 4211-1 do CNAE 2.0. Também enquadram-se a construção, pavimentação e sinalização de vias urbanas, ruas e locais para estacionamento de veículos; a construção de praças e calçadas para pedestres; elevados, passarelas e ciclovias; metrô e VLT.
BU259: 300 | BV259: Construção de Redes de Abastecimento de Água, Coleta de Esgoto e Construções Correlatas | BW259: =+BU259 -> 300 | BX259: A construção de sistemas para o abastecimento de água tratada: reservatórios de distribuição, estações elevatórias de bombeamento, linhas principais de adução de longa e média distância e redes de distribuição de água; a construção de redes de coleta de esgoto, inclusive de interceptores, estações de tratamento de esgoto (ETE), estações de bombeamento de esgoto (EBE); a construção de galerias pluviais (obras de micro e macro drenagem). Esta classe compreende também: as obras de irrigação (canais); a manutenção de redes de abastecimento de água tratada; a manutenção de redes de coleta e de sistemas de tratamento de esgoto, conforme classificação 4222-7 do CNAE 2.0. Enquadra-se ainda a construção de estações de tratamento de água (ETA).
BU260: 400 | BV260: Construção e Manutenção de Estações e Redes de Distribuição de Energia Elétrica | BW260: =+BU260 -> 400 | BX260: A construção de usinas, estações e subestações hidrelétricas, eólicas, nucleares, termoelétricas; a construção de redes de transmissão e distribuição de energia elétrica, inclusive o serviço de eletrificação rural. Esta subclasse compreende também: a construção de redes de eletrificação para ferrovias e metropolitano, conforme classificação 4221-9/02 do CNAE 2.0. Compreende ainda: a manutenção de redes de distribuição de energia elétrica, quando executada por empresa não-produtora ou distribuidora de energia elétrica, conforme classificação 4221-9/03 do CNAE 2.0. Enquadram-se também obras de iluminação pública e a construção de barragens e represas para geração de energia elétrica.
BU261: 500 | BV261: Portuárias, Marítimas e Fluviais | BW261: =+BU261 -> 500 | BX261: As obras marítimas e fluviais, tais como, construção de instalações portuárias; construção de portos e marinas; construção de eclusas e canais de navegação (vias navegáveis); enrocamentos; obras de dragagem; aterro hidráulico; barragens, represas e diques, exceto para energia elétrica; a construção de emissários submarinos; a instalação de cabos submarinos, conforme classificação 4291-0 do CNAE 2.0. Enquadram-se também a construção de piers e outras obras com influência direta de cursos d’água.
BU262: 600 | BV262: Fornecimento de Materiais e Equipamentos | BW262: =+BU262 -> 600 | BX262: O fornecimento de materiais e equipamentos relevantes de natureza específica, como é o caso de: materiais betuminosos para obras rodoviárias,tubos de ferro fundido ou PVC para obras de abastecimento de água,elevadores e escadas rolantes para obras aeroportuárias. Os materiais e equipamentos devem compor itens próprios na planilha orçamentária, apartados de sua instalação, assentamento ou produção, p. ex., conjunto motor-bomba, tubulação de ferro fundido e material betuminoso, respectivamente. A adoção de taxa de BDI reduzida somente se justifica no caso de ficarem satisfeitas cumulativamente as seguintes condições: fornecimento de materiais e equipamentos que possam ser contratados diretamente do fabricante ou de fornecedor com especialidade própria e diversa da contratada principal;que se constitua mera intermediação entre a construtora e o fabricante; que a intermediação para fornecimento de equipamentos seja atividade residual da construtora.
CG265: PIS | CH265: CONFINS | CI265: BASE DE CÁLCULO
CF266: LUCRO PRESUMIDO | CG266: 0.0065 | CH266: 0.03 | CI266: RECEITA BRUTA (VALOR DA NOTA) | CJ266: =(D20+D21)+D26 -> 0.0365
CF267: LUCRO REAL | CG267: 0.0165 | CH267: 0.076 | CI267: LUCRO | CJ267: =(D20+D21)*(G41/(1+G41))+D26 -> 0.0017744744
CE271: =BU257 -> 100 | CF271: =BV257 -> Construção de edificios
CE272: =+CE271+1 -> 101 | CF272: Administração Central | CG272: 0.03 | CH272: 0.04 | CI272: 0.055
CE273: =+CE272+1 -> 102 | CF273: Seguro e Garantia | CG273: 0.008 | CH273: 0.008 | CI273: 0.01
CE274: =+CE273+1 -> 103 | CF274: Risco | CG274: 0.0097 | CH274: 0.0127 | CI274: 0.0127
CE275: =+CE274+1 -> 104 | CF275: Despesas Financeiras | CG275: 0.0059 | CH275: 0.0123 | CI275: 0.0139
CE276: =+CE275+1 -> 105 | CF276: Lucro | CG276: 0.0616 | CH276: 0.074 | CI276: 0.0896
CE279: =BU258 -> 200 | CF279: =BV258 -> Construção de rodovias e ferrovias
CE280: =+CE279+1 -> 201 | CF280: Administração Central | CG280: 0.038 | CH280: 0.0401 | CI280: 0.0467
CE281: =+CE280+1 -> 202 | CF281: Seguro e Garantia | CG281: 0.0032 | CH281: 0.004 | CI281: 0.0074
CE282: =+CE281+1 -> 203 | CF282: Risco | CG282: 0.005 | CH282: 0.0056 | CI282: 0.0097
CE283: =+CE282+1 -> 204 | CF283: Despesas Financeiras | CG283: 0.0102 | CH283: 0.0111 | CI283: 0.0121
CE284: =+CE283+1 -> 205 | CF284: Lucro | CG284: 0.0664 | CH284: 0.073 | CI284: 0.0869
CE287: =BU259 -> 300 | CF287: =BV259 -> Construção de Redes de Abastecimento de Água, Coleta de Esgoto e Construções Correlatas
CE288: =+CE287+1 -> 301 | CF288: Administração Central | CG288: 0.0343 | CH288: 0.0493 | CI288: 0.0671
CE289: =+CE288+1 -> 302 | CF289: Seguro e Garantia | CG289: 0.0028 | CH289: 0.0049 | CI289: 0.0075
CE290: =+CE289+1 -> 303 | CF290: Risco | CG290: 0.01 | CH290: 0.0139 | CI290: 0.0174
CE291: =+CE290+1 -> 304 | CF291: Despesas Financeiras | CG291: 0.0094 | CH291: 0.0099 | CI291: 0.0117
CE292: =+CE291+1 -> 305 | CF292: Lucro | CG292: 0.0674 | CH292: 0.0804 | CI292: 0.094
BV294: Código da pesquisa | BW294: 1º Quartil | BX294: Médio | BY294: 3º Quartil | CE294: =BU260 -> 400 | CF294: =BV260 -> Construção e Manutenção de Estações e Redes de Distribuição de Energia Elétrica
BU295: BDI | BV295: =VLOOKUP(D7,BV257:BW262,2,0) -> 600 | BW295: =VLOOKUP($BV295,$BU$306:$BY$311,3,0) -> 0.111 | BX295: =VLOOKUP($BV295,$BU$306:$BY$311,4,0) -> 0.1402 | BY295: =VLOOKUP($BV295,$BU$306:$BY$311,5,0) -> 0.168 | CE295: =+CE294+1 -> 401 | CF295: Administração Central | CG295: 0.0529 | CH295: 0.0592 | CI295: 0.0793
BU296: Administração Central | BV296: =+BV295+1 -> 601 | BW296: =VLOOKUP($BV296,$CE$271:$CI$312,3,0) -> 0.015 | BX296: =VLOOKUP($BV296,$CE$271:$CI$312,4,0) -> 0.0345 | BY296: =VLOOKUP($BV296,$CE$271:$CI$312,5,0) -> 0.0449 | CE296: =+CE295+1 -> 402 | CF296: Seguro e Garantia | CG296: 0.0025 | CH296: 0.0051 | CI296: 0.0056
BU297: Seguro e Garantia | BV297: =+BV296+1 -> 602 | BW297: =VLOOKUP($BV297,$CE$271:$CI$312,3,0) -> 0.003 | BX297: =VLOOKUP($BV297,$CE$271:$CI$312,4,0) -> 0.0048 | BY297: =VLOOKUP($BV297,$CE$271:$CI$312,5,0) -> 0.0082 | CE297: =+CE296+1 -> 403 | CF297: Risco | CG297: 0.01 | CH297: 0.0148 | CI297: 0.0197
BU298: Risco | BV298: =+BV297+1 -> 603 | BW298: =VLOOKUP($BV298,$CE$271:$CI$312,3,0) -> 0.0056 | BX298: =VLOOKUP($BV298,$CE$271:$CI$312,4,0) -> 0.0085 | BY298: =VLOOKUP($BV298,$CE$271:$CI$312,5,0) -> 0.0089 | CE298: =+CE297+1 -> 404 | CF298: Despesas Financeiras | CG298: 0.0101 | CH298: 0.0107 | CI298: 0.0111
BU299: Despesas Financeiras | BV299: =+BV298+1 -> 604 | BW299: =VLOOKUP($BV299,$CE$271:$CI$312,3,0) -> 0.0085 | BX299: =VLOOKUP($BV299,$CE$271:$CI$312,4,0) -> 0.0085 | BY299: =VLOOKUP($BV299,$CE$271:$CI$312,5,0) -> 0.0111 | CE299: =+CE298+1 -> 405 | CF299: Lucro | CG299: 0.08 | CH299: 0.0831 | CI299: 0.0951
BU300: Lucro | BV300: =+BV299+1 -> 605 | BW300: =VLOOKUP($BV300,$CE$271:$CI$312,3,0) -> 0.035 | BX300: =VLOOKUP($BV300,$CE$271:$CI$312,4,0) -> 0.0511 | BY300: =VLOOKUP($BV300,$CE$271:$CI$312,5,0) -> 0.0622 | CE300: =BU261 -> 500 | CF300: =BV261 -> Portuárias, Marítimas e Fluviais
CE301: =+CE300+1 -> 501 | CF301: Administração Central | CG301: 0.04 | CH301: 0.0552 | CI301: 0.0785
CE302: =+CE301+1 -> 502 | CF302: Seguro e Garantia | CG302: 0.0081 | CH302: 0.0122 | CI302: 0.0199
CE303: =+CE302+1 -> 503 | CF303: Risco | CG303: 0.0146 | CH303: 0.0232 | CI303: 0.0316
CE304: =+CE303+1 -> 504 | CF304: Despesas Financeiras | CG304: 0.0094 | CH304: 0.0102 | CI304: 0.0133
BW305: 1 Quartil | BX305: Médio | BY305: 3 Quartil | CE305: =+CE304+1 -> 505 | CF305: Lucro | CG305: 0.0714 | CH305: 0.084 | CI305: 0.1043
BU306: =BU257 -> 100 | BV306: =VLOOKUP(BU306,BU257:BV262,2,0) -> Construção de edificios | BW306: 0.2034 | BX306: 0.2212 | BY306: 0.25
BU307: 200 | BV307: =VLOOKUP(BU307,BU258:BV263,2,0) -> Construção de rodovias e ferrovias | BW307: 0.196 | BX307: 0.2097 | BY307: 0.2423 | CE307: =BU262 -> 600 | CF307: =BV262 -> Fornecimento de Materiais e Equipamentos
BU308: =BU259 -> 300 | BV308: =VLOOKUP(BU308,BU259:BV264,2,0) -> Construção de Redes de Abastecimento de Água, Coleta de Esgoto e Construções Correlatas | BW308: 0.2076 | BX308: 0.2418 | BY308: 0.2644 | CE308: =+CE307+1 -> 601 | CF308: Administração Central | CG308: 0.015 | CH308: 0.0345 | CI308: 0.0449
BU309: 400 | BV309: =VLOOKUP(BU309,BU260:BV265,2,0) -> Construção e Manutenção de Estações e Redes de Distribuição de Energia Elétrica | BW309: 0.24 | BX309: 0.2584 | BY309: 0.2786 | CE309: =+CE308+1 -> 602 | CF309: Seguro e Garantia | CG309: 0.003 | CH309: 0.0048 | CI309: 0.0082
BU310: 500 | BV310: =VLOOKUP(BU310,BU261:BV266,2,0) -> Portuárias, Marítimas e Fluviais | BW310: 0.228 | BX310: 0.2748 | BY310: 0.3095 | CE310: =+CE309+1 -> 603 | CF310: Risco | CG310: 0.0056 | CH310: 0.0085 | CI310: 0.0089
BU311: 600 | BV311: =VLOOKUP(BU311,BU262:BV267,2,0) -> Fornecimento de Materiais e Equipamentos | BW311: 0.111 | BX311: 0.1402 | BY311: 0.168 | CE311: =+CE310+1 -> 604 | CF311: Despesas Financeiras | CG311: 0.0085 | CH311: 0.0085 | CI311: 0.0111
CE312: =+CE311+1 -> 605 | CF312: Lucro | CG312: 0.035 | CH312: 0.0511 | CI312: 0.0622

Sheet Tabela Resumo
B2: =DADOS!$B$3 -> CLIENTE: | C2: =DADOS!$C$3 -> PREFEITURA MUNICIPAL DE JARDIM / MS
B3: =DADOS!$B$4 -> ENDEREÇO: | C3: =DADOS!$C$4 -> RUA CEL. JUVÊNCIO, Nº 547 - CENTRO
B5: =DADOS!$B$7 -> OBRA: | C5: =DADOS!$C$7 -> PAVIMENTAÇÃO ASFÁLTICA E DRENAGEM DE ÁGUAS PLUVIAIS
B6: =DADOS!$B$8 -> LOCAL: | C6: =DADOS!$C$8 -> RUA RUBI, JARDIM / MS
B8: ITEM | D8: SERVIÇO | E8: VALOR | F8: %
B10: TABELA RESUMO | C10: =Orçamento!C139 -> 01 | D10: =Orçamento!D139 -> SERVIÇOS PRELIMINARES | E10: =Orçamento!K139 -> 11965.93 | F10: =Orçamento!L139 -> 0.052661862
C11: =Orçamento!C140 -> 02 | D11: =Orçamento!D140 -> DEMOLIÇÕES | E11: =Orçamento!K140 -> 3867.63 | F11: =Orçamento!L140 -> 0.017021376
C12: =Orçamento!C141 -> 03 | D12: =Orçamento!D141 -> DRENAGEM DE ÁGUAS PLUVIAIS | E12: =Orçamento!K141 -> 200441.51 | F12: =Orçamento!L141 -> 0.88213981
C13: =Orçamento!C142 -> 04 | D13: =Orçamento!D142 -> SERVIÇOS COMPLEMENTARES | E13: =Orçamento!K142 -> 829.83 | F13: =Orçamento!L142 -> 0.0036520683
C14: =Orçamento!C143 -> 05 | D14: =Orçamento!D143 -> ADMINISTRAÇÃO LOCAL | E14: =Orçamento!K143 -> 10117.03 | F14: =Orçamento!L143 -> 0.044524884
B16: VALOR GERAL | E16: =SUM(E9:E15) -> 227221.93 | F16: =SUM(F9:F15) -> 1

Sheet Cronograma
B2: =DADOS!$B$3 -> CLIENTE: | C2: =DADOS!$C$3 -> PREFEITURA MUNICIPAL DE JARDIM / MS
B3: =DADOS!$B$4 -> ENDEREÇO: | C3: =DADOS!$C$4 -> RUA CEL. JUVÊNCIO, Nº 547 - CENTRO
B5: =DADOS!$B$7 -> OBRA: | C5: =DADOS!$C$7 -> PAVIMENTAÇÃO ASFÁLTICA E DRENAGEM DE ÁGUAS PLUVIAIS
B6: =DADOS!$B$8 -> LOCAL: | C6: =DADOS!$C$8 -> RUA RUBI, JARDIM / MS
B8: ITEM | D8: SERVIÇO | E8: PESO (%) | F8: PREÇO TOTAL | G8: MÊS 01 | I8: MÊS 02
G9: VALOR | H9: % | I9: VALOR | J9: %
B11: CRONOGRAMA FÍSICO FINANCEIRO | C11: ='Tabela Resumo'!C10 -> 01 | D11: ='Tabela Resumo'!D10 -> SERVIÇOS PRELIMINARES | E11: ='Tabela Resumo'!F10 -> 0.052661862 | F11: ='Tabela Resumo'!E10 -> 11965.93 | G11: =H11*$F$11 -> 11965.93 | H11: 1 | I11: =J11*$F$11 -> 0 | L11: =H11+J11 -> 1
C12: ='Tabela Resumo'!C11 -> 02 | D12: ='Tabela Resumo'!D11 -> DEMOLIÇÕES | E12: ='Tabela Resumo'!F11 -> 0.017021376 | F12: ='Tabela Resumo'!E11 -> 3867.63 | G12: =H12*$F$12 -> 3867.63 | H12: 1 | I12: =J12*$F$12 -> 0 | L12: =H12+J12 -> 1
C13: ='Tabela Resumo'!C12 -> 03 | D13: ='Tabela Resumo'!D12 -> DRENAGEM DE ÁGUAS PLUVIAIS | E13: ='Tabela Resumo'!F12 -> 0.88213981 | F13: ='Tabela Resumo'!E12 -> 200441.51 | G13: =H13*$F$13 -> 95209.717 | H13: 0.475 | I13: =J13*$F$13 -> 105231.79 | J13: 0.525 | L13: =H13+J13 -> 1
C14: ='Tabela Resumo'!C13 -> 04 | D14: ='Tabela Resumo'!D13 -> SERVIÇOS COMPLEMENTARES | E14: ='Tabela Resumo'!F13 -> 0.0036520683 | F14: ='Tabela Resumo'!E13 -> 829.83 | G14: =H14*$F$14 -> 0 | I14: =J14*$F$14 -> 829.83 | J14: 1 | L14: =H14+J14 -> 1
C15: ='Tabela Resumo'!C14 -> 05 | D15: ='Tabela Resumo'!D14 -> ADMINISTRAÇÃO LOCAL | E15: ='Tabela Resumo'!F14 -> 0.044524884 | F15: ='Tabela Resumo'!E14 -> 10117.03 | G15: =H15*$F$15 -> 5058.515 | H15: 0.5 | I15: =J15*$F$15 -> 5058.515 | J15: 0.5 | L15: =H15+J15 -> 1
B17: TOTAL MENSAL | E17: =SUM(E10:E16) -> 1 | F17: =SUM(F10:F16) -> 227221.93 | G17: =SUM(G10:G16) -> 116101.79 | H17: =G17/$F$17 -> 0.51096209 | I17: =SUM(I10:I16) -> 111120.14 | J17: =I17/$F$17 -> 0.48903791
B18: TOTAL MENSAL ACUMULADO | G18: =G17 -> 116101.79 | H18: =H17 -> 0.51096209 | I18: =I17+G18 -> 227221.93 | J18: =J17+H18 -> 1

Sheet Serv. Preliminares
B2: =DADOS!$B$3 -> CLIENTE: | C2: =DADOS!$C$3 -> PREFEITURA MUNICIPAL DE JARDIM / MS
B3: =DADOS!$B$4 -> ENDEREÇO: | C3: =DADOS!$C$4 -> RUA CEL. JUVÊNCIO, Nº 547 - CENTRO
B5: =DADOS!$B$7 -> OBRA: | C5: =DADOS!$C$7 -> PAVIMENTAÇÃO ASFÁLTICA E DRENAGEM DE ÁGUAS PLUVIAIS
B6: =DADOS!$B$8 -> LOCAL: | C6: =DADOS!$C$8 -> RUA RUBI, JARDIM / MS
B8: ITEM | G8: DRENAGEM DE ÁGUAS PLUVIAIS | I8: TOTAL
B10: MEMÓRIA DE CÁLCULO DE SERVIÇOS PRELIMINARES | C10: EXTENSÃO (m) | G10: ='Dre-Terraplenagem'!I10 -> 12 | I10: =SUM(F10:H10) -> 12
C11: PLACA DE OBRA (m²) | D11: QUANTIDADE (un) | E11: 1 | G11: =TRUNC((E11*E12*E13),2) -> 8 | I11: =SUM(F11:H13) -> 8
D12: COMPRIMENTO (m) | E12: 4
D13: LARGURA (m) | E13: 2
C14: LOCAÇÃO DE CONTAINER (un) | G14: =Orçamento!$P$128 -> 2 | I14: =SUM(F14:H14) -> 2
C15: LOCAÇÃO DE BANHEIRO QUÍMICO (un) | G15: =G14 -> 2 | I15: =SUM(F15:H15) -> 2
C16: ISOLAMENTO DE OBRA (m²) | G16: =TRUNC((G10*1.2),2) -> 14.4 | I16: =SUM(F16:H16) -> 14.4
C17: SEGURANÇA DE TRÂNSITO | D17: PLACA DE ADVERTÊNCIA (un) | G17: =INT((G10/250)/2)+1 -> 1 | I17: =SUM(F17:H17) -> 1
C18: CONE DE SINALIZAÇÃO (un) | G18: =INT((G10/150)*2)+1 -> 1 | I18: =SUM(F18:H18) -> 1

Sheet Demolições
B2: =DADOS!$B$3 -> CLIENTE: | C2: =DADOS!$C$3 -> PREFEITURA MUNICIPAL DE JARDIM / MS
B3: =DADOS!$B$4 -> ENDEREÇO: | C3: =DADOS!$C$4 -> RUA CEL. JUVÊNCIO, Nº 547 - CENTRO
B5: =DADOS!$B$7 -> OBRA: | C5: =DADOS!$C$7 -> PAVIMENTAÇÃO ASFÁLTICA E DRENAGEM DE ÁGUAS PLUVIAIS
B6: =DADOS!$B$8 -> LOCAL: | C6: =DADOS!$C$8 -> RUA RUBI, JARDIM / MS
B8: ITEM | G8: 01 | I8: TOTAL
B10: MEMÓRIA DE CÁLCULO DE DEMOLIÇÕES | C10: DEMOLIÇÃO DE CONCRETO | D10: VOLUME DE DEMOLIÇÃO DE CONCRETO (m³) | G10: =TRUNC(4.34*2,2) -> 8.68 | I10: =SUM(F10:H10) -> 8.68
D11: CARGA E DESCARGA (BOTA FORA) (m³) | G11: =TRUNC((G10*1.3),2) -> 11.28 | I11: =SUM(F11:H11) -> 11.28
D12: TRANSPORTE BOTA FORA (m³.km) | E12: ='Resumo DMT''s'!$E$13 -> 4.9 | G12: =TRUNC((G11*$E$12),2) -> 55.27 | I12: =SUM(F12:H12) -> 55.27
D13: ESPALHAMENTO (m³) | G13: =G11 -> 11.28 | I13: =SUM(F13:H13) -> 11.28
C15: DEMOLIÇÃO DE TUBULAÇÃO EXISTENTE | D15: EXTENSÃO (m) | G15: 11.1 | I15: =SUM(F15:H15) -> 11.1
D16: N° DE LINHAS (un) | G16: 3
D17: PESO UNITÁRIO PA-1 Ø0,80m (t) | G17: =533.33/1000 -> 0.53333
D18: EXTENSÃO TOTAL (m) | G18: =TRUNC(G15*G16,2) -> 33.3 | I18: =SUM(F18:H18) -> 33.3
D19: CARGA E DESCARGA (TUBULAÇÃO) (m³) | G19: =TRUNC((G15*G16*G17),2) -> 17.75 | I19: =SUM(F19:H19) -> 17.75
D20: TRANSPORTE TUBULÇÃO (m³.km) | E20: ='Resumo DMT''s'!$E$13 -> 4.9 | G20: =TRUNC((G19*$E$20),2) -> 86.97 | I20: =SUM(F20:H20) -> 86.97
D21: ESPALHAMENTO (m³) | G21: =G19 -> 17.75 | I21: =SUM(F21:H21) -> 17.75

Sheet Dre-Dados
B2: TRECHO N° | C2: COTA TERRENO (m) | E2: EXTENSÃO (m) | F2: BACIA HIDROGRÁFICA | H2: TRECHO À | L2: NÃO DIGITAR NADA NESSA COLUNA
F3: ÁREA (ha) | G3: RUN OFF | H3: JUSANTE | I3: MONTANTE
C4: MONTANTE | D4: JUSANTE | I4: A | J4: B | K4: C
B6: 1 | C6: 321.49 | E6: 40 | F6: 0.3 | G6: 0.6 | H6: 2 | L6: =IF(D6>0,B6,0) -> 0 | N6: VERIFICAÇÃO DOS TRECHOS: | P6: =IF(P9+P8=P7,"OK","NÃO") -> OK
B7: =B6+1 -> 2 | C7: 321.19 | E7: 45 | F7: 0.3 | G7: 0.6 | H7: 3 | I7: 1 | L7: =IF(D7>0,B7,0) -> 0 | N7: TOTAL DOS TRECHOS: | P7: =SUM(B5:B142) -> 820
B8: =B7+1 -> 3 | C8: 320.89 | E8: 50 | F8: 0.3 | G8: 0.6 | H8: 4 | I8: 2 | L8: =IF(D8>0,B8,0) -> 0 | N8: TOTAL DOS LANÇAMENTOS: | P8: =SUM(L5:L142) -> 40
B9: =B8+1 -> 4 | C9: 320.59 | E9: 55 | F9: 0.3 | G9: 0.6 | H9: 5 | I9: 3 | L9: =IF(D9>0,B9,0) -> 0 | N9: TOTAL DOS MONTANTES: | P9: =SUM(I5:K142) -> 780
B10: =B9+1 -> 5 | C10: 320.29 | E10: 60 | F10: 0.3 | G10: 0.6 | H10: 6 | I10: 4 | L10: =IF(D10>0,B10,0) -> 0 | N10: TRECHO QUE FALTA: | P10: =P7-P8-P9 -> 0
B11: =B10+1 -> 6 | C11: 319.99 | E11: 40 | F11: 0.3 | G11: 0.6 | H11: 7 | I11: 5 | L11: =IF(D11>0,B11,0) -> 0
B12: =B11+1 -> 7 | C12: 319.69 | E12: 45 | F12: 0.3 | G12: 0.6 | H12: 8 | I12: 6 | L12: =IF(D12>0,B12,0) -> 0
B13: =B12+1 -> 8 | C13: 319.39 | E13: 50 | F13: 0.3 | G13: 0.6 | H13: 9 | I13: 7 | L13: =IF(D13>0,B13,0) -> 0
B14: =B13+1 -> 9 | C14: 319.09 | E14: 55 | F14: 0.3 | G14: 0.6 | H14: 10 | I14: 8 | L14: =IF(D14>0,B14,0) -> 0
B15: =B14+1 -> 10 | C15: 318.79 | E15: 60 | F15: 0.3 | G15: 0.6 | H15: 11 | I15: 9 | L15: =IF(D15>0,B15,0) -> 0
B16: =B15+1 -> 11 | C16: 318.49 | E16: 40 | F16: 0.3 | G16: 0.6 | H16: 12 | I16: 10 | L16: =IF(D16>0,B16,0) -> 0
B17: =B16+1 -> 12 | C17: 318.19 | E17: 45 | F17: 0.3 | G17: 0.6 | H17: 13 | I17: 11 | L17: =IF(D17>0,B17,0) -> 0
B18: =B17+1 -> 13 | C18: 317.89 | E18: 50 | F18: 0.3 | G18: 0.6 | H18: 14 | I18: 12 | L18: =IF(D18>0,B18,0) -> 0
B19: =B18+1 -> 14 | C19: 317.59 | E19: 55 | F19: 0.3 | G19: 0.6 | H19: 15 | I19: 13 | L19: =IF(D19>0,B19,0) -> 0
B20: =B19+1 -> 15 | C20: 317.29 | E20: 60 | F20: 0.3 | G20: 0.6 | H20: 16 | I20: 14 | L20: =IF(D20>0,B20,0) -> 0
B21: =B20+1 -> 16 | C21: 316.99 | E21: 40 | F21: 0.3 | G21: 0.6 | H21: 17 | I21: 15 | L21: =IF(D21>0,B21,0) -> 0
B22: =B21+1 -> 17 | C22: 316.69 | E22: 45 | F22: 0.3 | G22: 0.6 | H22: 18 | I22: 16 | L22: =IF(D22>0,B22,0) -> 0
... B44: =B43+1 -> 39 | C44: 310.09 | E44: 55 | F44: 0.3 | G44: 0.6 | H44: 40 | I44: 38 | L44: =IF(D44>0,B44,0) -> 0
B45: =B44+1 -> 40 | C45: 309.79 | D45: 309.49 | E45: 60 | F45: 0.3 | G45: 0.6 | I45: 39 | L45: =IF(D45>0,B45,0) -> 40

Sheet Cubação Terrapl
B2: =DADOS!$B$3 -> CLIENTE: | C2: =DADOS!$C$3 -> PREFEITURA MUNICIPAL DE JARDIM / MS
B3: =DADOS!$B$4 -> ENDEREÇO: | C3: =DADOS!$C$4 -> RUA CEL. JUVÊNCIO, Nº 547 - CENTRO
B5: =DADOS!$B$7 -> OBRA: | C5: =DADOS!$C$7 -> PAVIMENTAÇÃO ASFÁLTICA E DRENAGEM DE ÁGUAS PLUVIAIS
B6: =DADOS!$B$8 -> LOCAL: | C6: =DADOS!$C$8 -> RUA RUBI, JARDIM / MS
B8: NOME DA VIA | D8: ESTACA | G8: SEMI DISTÂNCIA | H8: ÁREA DA SEÇÃO (m²) | J8: VOLUME PARCIAL GEOMÉTRICO (m³)
H9: CORTE | I9: ATERRO | J9: CORTE | K9: ATERRO
B11: CUBAÇÃO TERRAPLENAGEM | C11: VOLUME DE ESCAVAÇÃO | D11: 0 | E11: + | F11: 0 | G11: 0 | H11: 23.7187 | I11: 0 | J11: 0 | K11: 0
D12: 0 | E12: + | F12: 12.25 | G12: =((D12*20+F12)-(D11*20+F11))/2 -> 6.125 | H12: 26.7055 | I12: 17.4511 | J12: =TRUNC(((H11+H12)*G12),3) -> 308.848 | K12: =TRUNC(((I11+I12)*G12),3) -> 106.887
D13: 0 | E13: + | F13: 15 | G13: =((D13*20+F13)-(D12*20+F12))/2 -> 1.375 | H13: 26.0173 | I13: 16.7629 | J13: =TRUNC(((H12+H13)*G13),3) -> 72.493 | K13: =TRUNC(((I12+I13)*G13),3) -> 47.044
D14: 1 | E14: + | F14: 0 | G14: =((D14*20+F14)-(D13*20+F13))/2 -> 2.5 | H14: 25.9713 | I14: 16.7169 | J14: =TRUNC(((H13+H14)*G14),3) -> 129.971 | K14: =TRUNC(((I13+I14)*G14),3) -> 83.699
D15: 1 | E15: + | F15: 7 | G15: =((D15*20+F15)-(D14*20+F14))/2 -> 3.5 | H15: 27.3207 | I15: 18.0663 | J15: =TRUNC(((H14+H15)*G15),3) -> 186.522 | K15: =TRUNC(((I14+I15)*G15),3) -> 121.741
D16: 1 | E16: + | F16: 9.75 | G16: =((D16*20+F16)-(D15*20+F15))/2 -> 1.375 | H16: 28.3307 | I16: 19.0763 | J16: =TRUNC(((H15+H16)*G16),3) -> 76.52 | K16: =TRUNC(((I15+I16)*G16),3) -> 51.071
D17: 2 | E17: + | F17: 0 | G17: =((D17*20+F17)-(D16*20+F16))/2 -> 5.125 | H17: 27.0885 | I17: 0 | J17: =TRUNC(((H16+H17)*G17),3) -> 284.023 | K17: =TRUNC(((I16+I17)*G17),3) -> 97.766
B19: RESUMO | H19: =SUM(H10:H18) -> 185.1527 | I19: =SUM(I10:I18) -> 88.0735 | J19: =SUM(J10:J18) -> 1058.377 | K19: =SUM(K10:K18) -> 508.208

Sheet Dre-Terraplenagem
B2: =DADOS!$B$3 -> CLIENTE: | C2: =DADOS!$C$3 -> PREFEITURA MUNICIPAL DE JARDIM / MS
B3: =DADOS!$B$4 -> ENDEREÇO: | C3: =DADOS!$C$4 -> RUA CEL. JUVÊNCIO, Nº 547 - CENTRO
B5: =DADOS!$B$7 -> OBRA: | C5: =DADOS!$C$7 -> PAVIMENTAÇÃO ASFÁLTICA E DRENAGEM DE ÁGUAS PLUVIAIS
B6: =DADOS!$B$8 -> LOCAL: | C6: =DADOS!$C$8 -> RUA RUBI, JARDIM / MS
B8: TRECHO Nº | G8: 1 | I8: TOTAL
B10: MEMÓRIA DE CÁLCULO DE DRENAGEM DE ÁGUAS PLUVIAIS - TERRAPLENAGEM DO BDCC 2,00m x 2,00m | C10: EXTENSÃO (m) | G10: 12 | I10: =SUM(F10:H10) -> 12
C11: DIÂMETRO (m) | G11: 1.5
C12: N° DE LINHAS (un) | G12: 2
C13: MATERIAL (P=PEAD C=CONCRETO MET=METÁLICO) | G13: C
C14: PS-1 / PS-2 / PVC | G14: =IF(G11>0.7,"PA-1","PS-1") -> PA-1
C15: PROFUNDIDADE | D15: MONTANTE (PV) | G15: 2.4
D16: JUSANTE (PV) | G16: 2.4
D17: MÉDIA | G17: =ROUND(((G15+G16)/2),2) -> 2.4
D18: BOLSA + ESPESSURA | G18: =IF(G11=0,0,IF(G14="PVC",0,G11*0.21)) -> 0.315
D19: LASTRO | G19: =G29+G31 -> 0.6
D20: MÉDIA + BOLSA (H) | G20: =G17+G18+G19 -> 3.315
C21: TALUDE (1:V) | G21: 3
C23: ESCAVAÇÃO COMPENSADA | D23: ESCAVAÇÃO (m³) | G23: =TRUNC(('Cubação Terrapl'!J19),2) -> 1058.37 | I23: =SUM(F23:H23) -> 1058.37
D24: CARGA E DESCARGA (BOTA FORA) (m³) | G24: =TRUNC((G23*1.3),2) -> 1375.88 | I24: =SUM(F24:H24) -> 1375.88
D25: TRANSPORTE DO BOTA FORA (m³.km) | E25: ='Resumo DMT''s'!$E$13 -> 4.9 | G25: =TRUNC((G24*$E$25),2) -> 6741.81 | I25: =SUM(F25:H25) -> 6741.81
D26: ESPALHAMENTO (ATERRO) (m³) | G26: =G24 -> 1375.88 | I26: =SUM(F26:H26) -> 1375.88
D27: COMPACTAÇÃO (ATERRO) (m³) | G27: =TRUNC(('Cubação Terrapl'!K19),2) -> 508.2 | I27: =SUM(F27:H27) -> 508.2
C29: LASTRO DE BRITA (m³) | D29: ESPESSURA | G29: 0.1
D30: VOLUME | G30: =TRUNC((144*G29),2) -> 14.4 | I30: =SUM(F30:H30) -> 14.4
C31: LASTRO DE PEDRA DE MÃO (m³) | D31: ESPESSURA | G31: 0.5
D32: VOLUME | G32: =TRUNC((144*G31),2) -> 72 | I32: =SUM(F32:H32) -> 72
C33: CONCRETO MAGRO (m³) | D33: ESPESSURA | G33: 0.1
D34: VOLUME | G34: =TRUNC((144*G33),2) -> 14.4 | I34: =SUM(F34:H34) -> 14.4
C35: LANÇAMENTO DE CONCRETO MAGRO (m³) | G35: =G34 -> 14.4 | I35: =SUM(F35:H35) -> 14.4
C36: TRANSPORTE DE PEDRA DE MÃO (m³.km) | E36: =IF('Resumo DMT''s'!$E$14>30,30,'Resumo DMT''s'!$E$14) -> 30 | G36: =TRUNC(((G30+G32+G34)*$E$36),2) -> 3024 | I36: =SUM(F36:H36) -> 3024
C37: TRANSPORTE DE PEDRA DE MÃO (m³.km) | E37: =IF('Resumo DMT''s'!$E$14>30,'Resumo DMT''s'!$E$14-30,0) -> 23.6 | G37: =TRUNC(((G30+G32+G34)*$E$37),2) -> 2378.88 | I37: =SUM(F37:H37) -> 2378.88

Sheet Dre-Disp. Estruturais
B2: =DADOS!$B$3 -> CLIENTE: | C2: =DADOS!$C$3 -> PREFEITURA MUNICIPAL DE JARDIM / MS
B3: =DADOS!$B$4 -> ENDEREÇO: | C3: =DADOS!$C$4 -> RUA CEL. JUVÊNCIO, Nº 547 - CENTRO
B5: =DADOS!$B$7 -> OBRA: | C5: =DADOS!$C$7 -> PAVIMENTAÇÃO ASFÁLTICA E DRENAGEM DE ÁGUAS PLUVIAIS
B6: =DADOS!$B$8 -> LOCAL: | C6: =DADOS!$C$8 -> RUA RUBI, JARDIM / MS
B8: TRECHO Nº | G8: ='Dre-Terraplenagem'!G8 -> 1 | I8: TOTAL
B10: MEMÓRIA DE CÁLCULO DE DRENAGEM DE ÁGUAS PLUVIAIS - DISPOSITIVOS ESTRUTURAIS | C10: EXTENSÃO (m) | G10: ='Dre-Terraplenagem'!G10 -> 12 | I10: =SUM(F10:H10) -> 12
C11: DIÂMETRO (m) | G11: ='Dre-Terraplenagem'!G11 -> 1.5
C12: N° DE LINHAS (un) | G12: ='Dre-Terraplenagem'!G12 -> 2
C13: MATERIAL (P=PEAD C=CONCRETO MET=METÁLICO) | G13: ='Dre-Terraplenagem'!G13 -> C
C14: PS-1 / PS-2 / PVC | G14: ='Dre-Terraplenagem'!G14 -> PA-1
C15: PROFUNDIDADE | D15: MONTANTE (PV) | G15: ='Dre-Terraplenagem'!G15 -> 2.4
D16: JUSANTE (PV) | G16: ='Dre-Terraplenagem'!G16 -> 2.4
D17: MÉDIA | G17: ='Dre-Terraplenagem'!G17 -> 2.4
D18: BOLSA + ESPESSURA | G18: ='Dre-Terraplenagem'!G18 -> 0.315
D19: LASTRO | G19: ='Dre-Terraplenagem'!G19 -> 0.6
D20: MÉDIA + BOLSA (H) | G20: ='Dre-Terraplenagem'!G20 -> 3.315
C21: TALUDE (1:V) | G21: ='Dre-Terraplenagem'!G21 -> 3
C23: REDE (m) | D23: CLASSE PA-1 Ø1,50m | G23: =IF(AND(G11>0,G11=1.5,G13="C"),G10*G12,0) -> 24 | I23: =SUM(F23:H23) -> 24
C25: ASSENTAMENTO (m) | D25: CLASSE PA-1 Ø1,50m | G25: =G23 -> 24 | I25: =SUM(F25:H25) -> 24
C27: PESO DOS TUBOS (t) | D27: PESO UNITÁRIO PA-1 Ø1,50m (t) | G27: =1933.33/1000 -> 1.93333
D28: CARGA DE TUBOS (t) | G28: =TRUNC((G23*G27),2) -> 46.39 | I28: =SUM(F28:H28) -> 46.39
C29: TRANSPORTE DE TUBOS DMT <=30Km (t.km) | E29: =IF('Resumo DMT''s'!$E$15>30,30,'Resumo DMT''s'!$E$15) -> 3.6 | G29: =TRUNC((G28*$E$29),2) -> 167 | I29: =SUM(F29:H29) -> 167
C31: BOCA DE LOBO (un) | D31: BRITA P/ CONCRETO 20MPa (m³) | G31: 0.5872
D32: CONCRETO TRIPLA | G32: 2 | I32: =SUM(F32:H32) -> 2
D33: CONCRETO 20MPa P/ BLT (m³) | G33: 1.815
D34: CARGA DE BRITA P/ BOCA DE LOBO (m³) | G34: =TRUNC((G32*G31*G33),2) -> 2.13 | I34: =SUM(F34:H34) -> 2.13
D35: TRANSPORTE DE BRITA (m³.km) | E35: =IF('Resumo DMT''s'!$E$14>30,30,'Resumo DMT''s'!$E$14) -> 30 | G35: =TRUNC((G34*$E$35),2) -> 63.9 | I35: =SUM(F35:H35) -> 63.9
D36: TRANSPORTE DE BRITA (m³.km) | E36: =IF('Resumo DMT''s'!$E$14>30,'Resumo DMT''s'!$E$14-30,0) -> 23.6 | G36: =TRUNC((G34*$E$36),2) -> 50.26 | I36: =SUM(F36:H36) -> 50.26
C38: BOCA DE BUEIRO (un) | D38: BRITA P/ CONCRETO CICLÓPICO (m³) | G38: 0.945
D39: Ø1,50m | G39: 2 | I39: =SUM(F39:H39) -> 2
D40: CONCRETO CICLÓPICO P/ BB Ø1,50m (m³) | G40: 8.95
D41: CARGA DE BRITA P/ BOCA DE BUEIRO (m³) | G41: =TRUNC((G39*G38*G40),2) -> 16.91 | I41: =SUM(F41:H41) -> 16.91
D42: TRANSPORTE DE BRITA (m³.km) | E42: =IF('Resumo DMT''s'!$E$14>30,30,'Resumo DMT''s'!$E$14) -> 30 | G42: =TRUNC((G41*$E$42),2) -> 507.3 | I42: =SUM(F42:H42) -> 507.3
D43: TRANSPORTE DE BRITA (m³.km) | E43: =IF('Resumo DMT''s'!$E$14>30,'Resumo DMT''s'!$E$14-30,0) -> 23.6 | G43: =TRUNC((G41*$E$43),2) -> 399.07 | I43: =SUM(F43:H43) -> 399.07

Sheet Dre-Fech de Vala
B2: =DADOS!$B$3 -> CLIENTE: | C2: =DADOS!$C$3 -> PREFEITURA MUNICIPAL DE JARDIM / MS
B3: =DADOS!$B$4 -> ENDEREÇO: | C3: =DADOS!$C$4 -> RUA CEL. JUVÊNCIO, Nº 547 - CENTRO
B5: =DADOS!$B$7 -> OBRA: | C5: =DADOS!$C$7 -> PAVIMENTAÇÃO ASFÁLTICA E DRENAGEM DE ÁGUAS PLUVIAIS
B6: =DADOS!$B$8 -> LOCAL: | C6: =DADOS!$C$8 -> RUA RUBI, JARDIM / MS
B8: TRECHO Nº | I8: ='Dre-Terraplenagem'!G8 -> 1 | K8: TOTAL
B10: MEMÓRIA DE CÁLCULO DE DRENAGEM DE ÁGUAS PLUVIAIS - FECHAMENTO DE VALA | C10: EXTENSÃO (m) | I10: 12 | K10: =SUM(H10:J10) -> 12
C11: DIÂMETRO (m) | I11: 1.5
C12: N° DE LINHAS (un) | I12: 2
C13: MATERIAL (P=PEAD C=CONCRETO MET=METÁLICO) | I13: C
C14: PS-1 / PS-2 / PVC | I14: PS-1
C15: PROFUNDIDADE | E15: MONTANTE (PV) | I15: 2.4
E16: JUSANTE (PV) | I16: 2.4
E17: MÉDIA | I17: =ROUND(((I15+I16)/2),2) -> 2.4
E18: BOLSA + ESPESSURA | I18: =IF(I11=0,0,IF(I14="PVC",0,I11*0.21)) -> 0.315
E19: LASTRO | I19: =I52+I54 -> 0
E20: MÉDIA + BOLSA (H) | I20: =I17+I18+I19 -> 2.715
C21: TALUDE (1:V) | I21: 3
C23: BASE (m) | E23: INFERIOR H < 4,50m (L = 2Ø) | I23: =IF(I16<=4.5,IF(I14="PVC",0.4*2+I11*IF(I12=1,1,IF(I12=2,3,5)),I11*IF(I12=1,2,IF(I12=2,3.5,5))),0) -> 5.25
E24: INFERIOR H > 4,50m (L = 3Ø) | I24: =IF(I23=0,IF(I14="PVC",0.8*2+I11*IF(I12=1,1,IF(I12=2,3,5)),I11*IF(I12=1,3,IF(I12=2,4.5,6))),0) -> 0
E25: TOPO (BOCA DA VALA) | I25: =IF(I21="V",I23+I24,I20/I21*2+I23+I24) -> 7.06
C26: ÁREA DO TUBO (m²) | I26: =ROUND(((PI()*(I11*1.2)^2/4)*I12),2) -> 5.09
C28: ÁREA DE FECHAMENTO DE VALA (m²) | I28: =TRUNC((I10*(0.5+I25+0.5)),2) -> 96.72 | K28: =SUM(H28:J28) -> 96.72
C30: ÁREA DE REGULARIZAÇÃO (m²) | I30: =I28 -> 96.72 | K30: =SUM(H30:J30) -> 96.72
C32: BASE | E32: EXECUÇÃO E COMPACTAÇÃO | F32: ESPESSURA (m) | I32: 0.15
F33: CASCALHO (m³) | I33: =TRUNC((I28*I32),2) -> 14.5 | K33: =SUM(H33:J33) -> 14.5
E34: ESCAVAÇÃO DO MATERIAL (m³) | I34: =TRUNC((I33*1.3),2) -> 18.85 | K34: =SUM(H34:J34) -> 18.85
E35: AQUISIÇÃO DO MATERIAL | F35: CASCALHO (m³) | I35: =I34 -> 18.85 | K35: =SUM(H35:J35) -> 18.85
E36: TRANSPORTE | F36: CASCALHO (m³.km) | G36: =IF('Resumo DMT''s'!$E$16>30,30,'Resumo DMT''s'!$E$16) -> 30 | I36: =TRUNC((I35*$G$36),2) -> 565.5 | K36: =SUM(H36:J36) -> 565.5
F37: CASCALHO (m³.km) | G37: =IF('Resumo DMT''s'!$E$16>30,'Resumo DMT''s'!$E$16-30,0) -> 23.6 | I37: =TRUNC((I35*$G$37),2) -> 444.86 | K37: =SUM(H37:J37) -> 444.86
C39: IMPRIMAÇÃO | E39: ÁREA DA IMPRIMAÇÃO (m²) | I39: =I28 -> 96.72 | K39: =SUM(H39:J39) -> 96.72
E40: CONSUMO CM-IMPRIMA (t/m³) | I40: =1.2/1000 -> 0.0012
E41: EMULSÃO CM-IMPRIMA (t) | I41: =TRUNC((I39*I40),2) -> 0.11 | K41: =SUM(H41:J41) -> 0.11
E42: TRANSPORTE CM-IMPRIMA (t.km) | G42: =IF('Resumo DMT''s'!$E$17>30,30,'Resumo DMT''s'!$E$17) -> 30 | I42: =TRUNC((I41*$G$42),2) -> 3.3 | K42: =SUM(H42:J42) -> 3.3
E43: TRANSPORTE CM-IMPRIMA (t.km) | G43: =IF('Resumo DMT''s'!$E$17>30,'Resumo DMT''s'!$E$17-30,0) -> 206 | I43: =TRUNC((I41*$G$43),2) -> 22.66 | K43: =SUM(H43:J43) -> 22.66
C45: CBUQ | E45: ESPESSURA (m) | I45: 0.03
E46: EMULSÃO (t/m³) | I46: 2.5548
E47: AQUISIÇÃO (t) | I47: =TRUNC((I28*I45*I46),2) -> 7.41 | K47: =SUM(H47:J47) -> 7.41
E48: APLICAÇÃO (t) | I48: =I47 -> 7.41 | K48: =SUM(H48:J48) -> 7.41
E49: CARGA DE CBUQ (t) | I49: =I48 -> 7.41 | K49: =SUM(H49:J49) -> 7.41
E50: TRANSPORTE DE CBUQ (t.km) | G50: =IF('Resumo DMT''s'!$E$19>30,30,'Resumo DMT''s'!$E$19) -> 7.4 | I50: =TRUNC((I47*$G$50),2) -> 54.83 | K50: =SUM(H50:J50) -> 54.83
E51: TRANSPORTE DE CBUQ (t.km) | G51: =IF('Resumo DMT''s'!$E$19>30,'Resumo DMT''s'!$E$19-30,0) -> 0 | I51: =TRUNC((I47*$G$51),2) -> 0 | K51: =SUM(H51:J51) -> 0

Sheet Serv. Complementares
B2: =DADOS!$B$3 -> CLIENTE: | C2: =DADOS!$C$3 -> PREFEITURA MUNICIPAL DE JARDIM / MS
B3: =DADOS!$B$4 -> ENDEREÇO: | C3: =DADOS!$C$4 -> RUA CEL. JUVÊNCIO, Nº 547 - CENTRO
B5: =DADOS!$B$7 -> OBRA: | C5: =DADOS!$C$7 -> PAVIMENTAÇÃO ASFÁLTICA E DRENAGEM DE ÁGUAS PLUVIAIS
B6: =DADOS!$B$8 -> LOCAL: | C6: =DADOS!$C$8 -> RUA RUBI, JARDIM / MS
B8: NOME DA RUA | G8: RUA RUBI | I8: TOTAL
B10: MEMÓRIA DE CÁLCULO DE SERVIÇOS COMPLEMENTARES | C10: MEIO FIO | D10: COM SARJETA (m) | G10: 11 | I10: =SUM(F10:H10) -> 11
D11: SEÇÃO DO MEIO FIO COM SARJETA (m²) | G11: 0.0615
D12: BRITA P/ CONCRETO 15MPa (m³) | G12: 0.5872
D13: CARGA DE BRITA P/ MEIO FIO E TENTO (m³) | G13: =TRUNC(((G10*G12*G11)),2) -> 0.39 | I13: =SUM(F13:H13) -> 0.39
D14: TRANSPORTE DE BRITA (m³.km) | E14: =IF('Resumo DMT''s'!$E$14>30,30,'Resumo DMT''s'!$E$14) -> 30 | G14: =TRUNC((G13*$E$14),2) -> 11.7 | I14: =SUM(F14:H14) -> 11.7
D15: TRANSPORTE DE BRITA (m³.km) | E15: =IF('Resumo DMT''s'!$E$14>30,'Resumo DMT''s'!$E$14-30,0) -> 23.6 | G15: =TRUNC((G13*$E$15),2) -> 9.2 | I15: =SUM(F15:H15) -> 9.2
